 Dungeon Crawl Stone Soup version 0.32-a0-818-gb728d0252e (webtiles) character file.

Game seed: 954339971890841534

574629 Zonian the Bringer of Light (level 27, -7/221 HPs)
             Began as a Gnoll Gladiator on Mar 10, 2024.
             Was the Champion of the Shining One.
             Mangled by an azure jelly (9 damage)
             ... on level 1 of the Pits of Slime on Mar 23, 2024.
             The game lasted 07:56:57 (91036 turns).

Zonian the Bringer of Light (Gnoll Gladiator)      Turns: 91036, Time: 07:56:58

Health: -7/221     AC: -1    Str: 31    XL:     27
Magic:  45/45      EV: 20    Int: 13    God:    the Shining One [******]
Gold:   5166       SH: 17    Dex: 14    Spells: 1/62 levels left

rFire   + . .        Q - +7 broad axe of Putrescence {heavy, Str+8, axe}
rCold   + . .        H - +2 kite shield {reflect}
rNeg    + + +        h - +1 robe of Vines {NoPotionHeal Regen++++}
rPois   +            v - +2 helmet of the Pleiades {rF+}
rElec   .            R - scarf {repulsion}
rCorr   +            U - +2 pair of gloves
SInv    .            P - +2 pair of boots {rampage}
Will    +++..        y - amulet of Vitality {Regen++ RegenMP++}
Stlth   +++          N - ring of Unwur Ajae {rPois rC+ rCorr Str+6 Dex-5}
HPRegen 5.36/turn    a - +4 ring of protection
MPRegen 1.09/turn

%: random rage (3%), repel missiles, reflection, rampage
@: corroded, on berserk cooldown, enlightened, flying (expiring), slowed,
glowing, studying 2 skills, very slow
A: fangs 1, strong nose, distributed training, berserk 1, mutation resistance 1
}: 3/15 runes: decaying, silver, gossamer
a: Renounce Religion, Divine Shield, Cleansing Flame, Summon Divine Warrior,
Brand Weapon With Holy Wrath


You were on level 1 of the Pits of Slime.
You worshipped the Shining One.
The Shining One was exalted by your worship.
You visited 11 branches of the dungeon, and saw 47 of its levels.
You visited the Abyss 5 times.
You visited 1 bazaar.
You also visited: Sewer, Bailey and Wizlab.

You collected 8278 gold pieces.
You spent 3112 gold pieces at shops.


Innate Abilities, Weirdness & Mutations

You have very sharp teeth.
Your uncanny sense of smell can sniff out nearby items.
Your experience applies equally to all skills.
You sometimes lose your temper in combat.
You are somewhat resistant to further mutation.


   Skills:
 + Level 19.0 Fighting
 + Level 19.3 Short Blades
 + Level 18.4 Long Blades
 + Level 18.4 Axes
 + Level 18.4 Maces & Flails
 + Level 18.4 Polearms
 + Level 18.4 Staves
 + Level 18.4 Ranged Weapons
 + Level 18.9 Throwing
 + Level 18.4 Armour
 + Level 19.3 Dodging
 + Level 18.4 Stealth
 + Level 19.9 Shields
 + Level 18.4 Unarmed Combat
 + Level 18.4 Spellcasting
 + Level 15.7 Conjurations
 + Level 15.7 Hexes
 + Level 15.7 Summonings
 + Level 15.7 Necromancy
 + Level 15.7 Translocations
 + Level 15.7 Fire Magic
 + Level 15.7 Ice Magic
 + Level 15.7 Air Magic
 + Level 15.7 Earth Magic
 + Level 15.7 Alchemy
 + Level 19.9 Invocations
 + Level 18.4 Evocations
 + Level 17.0 Shapeshifting


You had one spell level left.
You knew the following spells:

 Your Spells              Type           Power      Damage    Failure   Level
a - Blink                 Tloc           100%       N/A       0%          2
b - Swiftness             Air            52%        N/A       1%          3
c - Starburst             Conj/Fire      26%        6d8       1%          6
d - Lesser Beckoning      Tloc           100%       N/A       0%          2
f - Volatile Blastmotes   Fire/Tloc      100%       2d18      1%          3
g - Airstrike             Air            26%        2d(4-20)  1%          4
h - Iskenderun's Mystic   Conj/Tloc      52%        2d11      1%          4
i - Summon Lightning Spi  Summ/Air       52%        N/A       1%          4
j - Ozocubu's Armour      Ice            52%        N/A       1%          3
k - Frozen Ramparts       Ice            100%       1d16      1%          3
l - Summon Forest         Summ/Tloc      26%        N/A       1%          5
m - Lee's Rapid Deconstr  Erth           26%        3d14*     1%          5
n - Arcjolt               Conj/Air       26%        1d36      1%          5
o - Bombard               Conj/Erth      26%        9d5       1%          6
p - Dispersal             Tloc           26%        N/A       1%          6

Your spell library contained the following spells:

 Spells                   Type           Power      Damage    Failure   Level
 Apportation              Tloc           100%       N/A       0%          1
 Foxfire                  Conj/Fire      100%       2x1d9     0%          1
 Kiss of Death            Conj/Necr      100%       2d13      0%          1
 Magic Dart               Conj           100%       1d8       0%          1
 Necrotise                Necr           100%       1d9       0%          1
 Shock                    Conj/Air       100%       1d9       0%          1
 Sting                    Conj/Alch      100%       1d9       0%          1
 Summon Small Mammal      Summ           100%       N/A       0%          1
 Call Imp                 Summ           100%       N/A       0%          2
 Cigotuvi's Dreadful Rot  Necr/Alch/Air  100%       N/A       0%          2
 Ensorcelled Hibernation  Hex/Ice        100%       N/A       0%          2
 Jinxbite                 Hex            100%       N/A       0%          2
 Momentum Strike          Conj/Tloc      100%       3d10      0%          2
 Searing Ray              Conj           100%       2d8       0%          2
 Static Discharge         Conj/Air       100%       3-8/arc   0%          2
 Confusing Touch          Hex            52%        N/A       1%          3
 Dazzling Flash           Conj/Hex       100%       N/A       1%          3
 Fugue of the Fallen      Necr           52%        N/A       1%          3
 Inner Flame              Hex/Fire       52%        N/A       1%          3
 Passwall                 Erth           52%        N/A       1%          3
 Stone Arrow              Conj/Erth      100%       3d13      1%          3
 Summon Ice Beast         Ice/Summ       52%        N/A       1%          3
 Tukima's Dance           Hex            52%        N/A       1%          3
 Vampiric Draining        Necr           52%        2d9       1%          3
 Anguish                  Hex/Necr       26%        N/A       1%          4
 Animate Armour           Summ/Erth      100%       N/A       1%          4
 Animate Dead             Necr           52%        N/A       1%          4
 Cause Fear               Hex            26%        N/A       1%          4
 Dimensional Bullseye     Hex/Tloc       26%        N/A       1%          4
 Dispel Undead            Necr           52%        3d19      1%          4
 Flame Wave               Conj/Fire      52%        2d13      1%          4
 Fulminant Prism          Conj/Alch      26%        3d14      1%          4
 Leda's Liquefaction      Alch/Erth      26%        N/A       1%          4
 Manifold Assault         Tloc           52%        N/A       1%          4
 Martyr's Knell           Necr/Summ      52%        N/A       1%          4
 Passage of Golubria      Tloc           52%        N/A       1%          4
 Petrify                  Alch/Erth      52%        N/A       1%          4
 Sticky Flame             Fire/Alch      52%        2d9       1%          4
 Vhi's Electric Charge    Tloc/Air       100%       N/A       1%          4
 Alistair's Intoxication  Alch           34%        N/A       1%          5
 Borgnjor's Vile Clutch   Necr/Erth      26%        N/A       1%          5
 Curse of Agony           Necr           52%        N/A       1%          5
 Freezing Cloud           Conj/Ice/Air   26%        6-21      1%          5
 Iskenderun's Battlesphe  Conj           52%        2d10      1%          5
 Metabolic Englaciation   Hex/Ice        26%        N/A       1%          5
 Silence                  Hex/Air        26%        N/A       1%          5
 Yara's Violent Unravell  Hex/Alch       26%        3d11      1%          5
 Conjure Ball Lightning   Conj/Air       26%        3x3d7     1%          6
 Death Channel            Necr           26%        N/A       1%          6
 Plasma Beam              Fire/Air       26%        2x1d38    1%          6
 Sculpt Simulacrum        Ice/Alch       26%        N/A       1%          6
 Enfeeble                 Hex            26%        N/A       8%          7
 Ozocubu's Refrigeration  Ice            26%        4d13      8%          7
 Spellforged Servitor     Conj/Summ      26%        N/A       8%          7
 Discord                  Hex            26%        N/A       52%         8
 Disjunction              Tloc           26%        N/A       52%         8
 Lehudib's Crystal Spear  Conj/Erth      26%        10d7      52%         8
 Maxwell's Capacitive Co  Air            26%        ∞         52%         8
 Chain Lightning          Conj/Air       26%        3d34      100%        9
 Fire Storm               Conj/Fire      26%        8d7       100%        9
 Polar Vortex             Ice            26%        12d3*     100%        9
 Shatter                  Erth           26%        3d22*     100%        9

Inventory:

Hand Weapons
 A - a +9 spectral rapier {short}
   (You found it on level 5 of the Dungeon)
 M - a +6 double sword of holy wrath {long}
   (You took it off a deep elf pyromancer on level 3 of the Elven Halls)
 Q - the +7 broad axe of Putrescence (weapon) {heavy, Str+8, axe}
   (You took it off a spriggan in a bailey)

   Str+8:     It affects your strength (+8).
 Z - the +4 long sword "Killer Bee's Bane" {antimagic, rF+ Int+5, long}
   (You found it on level 15 of the Dungeon)

   Int+5:     It affects your intelligence (+5).
   rF+:       It protects you from fire.
Missiles
 k - 19 datura-tipped darts (quivered) {throwing}
 l - 15 silver javelins {throwing}
 S - 8 curare-tipped darts {=fthrowing}
 W - 10 javelins {throwing}
 X - 2 throwing nets {=f!fthrowing}
Armour
 h - the +1 robe of Vines (worn) {NoPotionHeal Regen++++}
   (You found it on level 3 of the Lair of Beasts)

   NoPotionHeal: Its wearer cannot be healed by potions.
   Regen++++: It increases your rate of health regeneration.
 v - the +2 helmet of the Pleiades (worn) {rF+}
   (You bought it in a shop on level 2 of the Crypt)

   rF+:       It protects you from fire.
 H - a +2 kite shield of reflection (worn)
   (You took it off Donald on level 1 of the Crypt)
 P - a +2 pair of boots of rampaging (worn)
   (You bought it in a shop on level 13 of the Dungeon)
 R - a scarf of repulsion (worn)
   (You found it on level 4 of the Spider Nest)
 U - a +2 pair of gloves (worn)
   (You found it on level 9 of the Dungeon)
Jewellery
 a - a +4 ring of protection (right hand)
   (You found it on level 3 of the Spider Nest)
 b - a ring of see invisible
   (You took it off a vault sentinel on level 5 of the Vaults)
 e - a ring of willpower
   (You took it off Khufu on level 1 of the Crypt)
 m - the ring "Jecviq" {Wiz rCorr Str+2 Stlth-}
   (You found it on level 3 of the Crypt)

   [ring of wizardry]

   Wiz:       It improves your spell success rate.
   Str+2:     It affects your strength (+2).
   rCorr:     It protects you from acid and corrosion.
   Stlth-:    It makes you less stealthy.
 s - a ring of flight
   (You found it on level 4 of the Spider Nest)
 y - the amulet of Vitality (around neck) {Regen++ RegenMP++}
   (You took it off a mummy priest on level 1 of the Crypt)

   [amulet of nothing]

   Regen++:   It increases your rate of health regeneration.
   RegenMP++: It increases your rate of magic regeneration.
 N - the ring of Unwur Ajae (left hand) {rPois rC+ rCorr Str+6 Dex-5}
   (You took it off a deep elf archer on level 3 of the Elven Halls)

   [ring of strength]

   Str+6:     It affects your strength (+6).
   Dex-5:     It affects your dexterity (-5).
   rC+:       It protects you from cold.
   rPois:     It protects you from poison.
   rCorr:     It protects you from acid and corrosion.
Wands
 f - a wand of digging (5)
   (You found it on level 3 of the Crypt)
 t - a wand of quicksilver (15)
   (You found it on level 1 of the Depths)
 D - a wand of warping (18)
   (You found it on level 6 of the Dungeon)
 I - a wand of flame (51)
   (You found it on level 8 of the Dungeon)
 V - a wand of mindburst (11)
   (You found it on level 3 of the Spider Nest)
Scrolls
 c - 2 scrolls of vulnerability {!r!r}
 g - 4 scrolls of teleportation {@r4}
 j - a scroll of fear
 o - 5 scrolls of fog
 r - 5 scrolls of poison {!r}
 C - 3 scrolls of revelation
 G - 3 scrolls of silence {!r}
 J - 3 scrolls of blinking {!r}
Potions
 d - 5 potions of haste {@q3}
 i - 4 potions of enlightenment
 n - 8 potions of curing {@q1}
 q - 11 potions of might
 u - a potion of resistance
 w - a potion of cancellation
 x - 6 potions of attraction {!q}
 E - 3 potions of brilliance
 K - 8 potions of ambrosia
 L - 4 potions of berserk rage {!q}
 O - 3 potions of magic
 T - 6 potions of lignification {!q}
Miscellaneous
 p - a phantom mirror
   (You found it on level 5 of the Vaults)
 z - a condenser vane
   (You found it on level 3 of the Spider Nest)
 B - a lightning rod (4/4)
   (You found it on level 5 of the Vaults)
 F - a phial of floods
   (You found it on level 5 of the Vaults)
 Y - a box of beasts
   (You found it on level 11 of the Dungeon)

Dungeon Overview and Level Annotations

Branches:
Dungeon (15/15) Zot: 23191  Temple (1/1) D:4 Zot: 5947    Lair (5/5) D:11 Zot: 19272
  Swamp (4/4) Lair:2 Zot: 16554  Spider (4/4) Lair:2 Zot: 15298   Slime (1/5) Lair:4 Zot: 5975
    Orc (2/2) D:12 Zot: 9393     Elf (3/3) Orc:2 Zot: 11300  Vaults (5/5) D:13 Zot: 16944
  Crypt (3/3) Vaults:2 Zot: 12441    Tomb (0/3) Crypt:3      Depths (4/4) D:15 Zot: 17443
    Zot (0/5) Depths:4      Sewer (visited)          Bailey (visited)
 WizLab (visited)

Altars:
Ashenzari
Cheibriados
Dithmenos
Elyvilon
Fedhas
Gozag
Hepliaklqana
Kikubaaqudgha
Makhleb
Nemelex Xobeh
Okawaru
Qazlal
Ru
Sif Muna
Trog
Uskayaw
Vehumet
Wu Jian
Xom
Yredelemnul
Zin
The Shining One
Beogh

Shops:
D:13 [   D:14 :   D:15 !   Orc:2 (?[:   Elf:1 ?   Elf:2 *   Vaults:2 (
Vaults:3 ?   Vaults:4 (   Crypt:2 *   Depths:1 ?*::   Depths:2 *

Portals:
Hell: Depths:1 Depths:2 Depths:3 Depths:4
Abyss: Lair:5 Depths:3
Pandemonium: Depths:1 Depths:2 Depths:3 Depths:4
Ziggurat: Depths:4
Trove: D:15 (give +4 fire dragon scales)

Annotations:
D:7 Jeremiah
Lair:5 exclusion: obsidian statue
Elf:2 3 runed translucent doors
Depths:2 exclusion: Tzitzimitl
Depths:3 Mennas

.........#..
.......#....
....#....... #
##...........
##.#............
#......G.......#
#.#..#..J#...^...
........@J......#
#......JJ#.....#
#.........#..>..
##...............
###.#.##.#......
#.... #........
##... .......#.
###. ......... ##
##.......


You could see a formless jellyfish, an acid blob, an azure jelly, a rockslime
and a golden eye.


Message History

Your Fighting skill increases to level 19! 😎 HP[+1]
You now have 331 max hp (+1).
Your hp is fully restored (331).
The azure jelly quivers.
You slash the formless jellyfish! The acid blob spits acid at you.
The splash of acid hits you! You resist. The acid corrodes you! 😕 HP[-7]
You take 7 damage, and now have 324/331 hp.
You carve the formless jellyfish like a ham!!!
You are no longer berserk.
You are exhausted.
You feel yourself slow down. The formless jellyfish misses you.
The formless jellyfish closely misses you. 😕 HP[-104]
You now have 221 max hp (-110).
You open the formless jellyfish like a pillowcase!!!
You kill the formless jellyfish!
You slash the acid blob!
Your hands burn!
The acid blob spits acid at you. The splash of acid hits you. You resist.
The acid corrodes you! The acid blob hits you! The acid corrodes you!
You are splashed with acid.
You resist. 😕 HP[-17]
You take 17 damage, and now have 203/221 hp.
You slash the acid blob!
Your hands burn!
You block the acid blob's attack. The acid blob spits acid at you.
Your +2 kite shield of reflection blocks the splash of acid... and reflects it back!
The splash of acid hits the acid blob.
The acid blob completely resists.
A rockslime comes into view. 😕 HP[+7]
You regained 7 hp, and now have 210/221 hp.
You slash the acid blob!
Your hands burn!
You are starting to lose your buoyancy.
The acid blob hits you!
You are splashed with acid.
You resist.
You block the acid blob's attack. 😕 HP[-10]
You take 10 damage, and now have 200/221 hp.
You slice the acid blob!!
Your hands burn!
The acid blob spits acid at you. The splash of acid hits you. You resist.
The acid corrodes you! The acid blob spits acid at you.
The splash of acid hits you. You resist. The acid corrodes you!
A golden eye comes into view.
The azure jelly closely misses you. The azure jelly hits you.
The azure jelly freezes you! You resist. The azure jelly hits you.
You block the azure jelly's attack. 😕 HP[-18]
You take 18 damage, and now have 182/221 hp.
You slice the acid blob!! The acid corrodes you!
Your hands burn!
You hit the azure jelly. The acid blob spits acid at you.
The splash of acid hits you! You resist.
A formless jellyfish comes into view.
The azure jelly hits you! The azure jelly freezes you! You resist.
The azure jelly hits you. The azure jelly freezes you! You resist.
The azure jelly hits you. The azure jelly closely misses you.
The acid blob spits acid at you. The splash of acid hits you! You resist.
The azure jelly barely misses you. You block the azure jelly's attack.
The azure jelly hits you!
You block the azure jelly's attack. 😮 HP[-66]
You take 66 damage, and now have 116/221 hp.
MASSIVE DAMAGE!! (PAUSE)
You slash the acid blob!
Your hands burn!
You bite the acid blob, but do no damage.
You slash the azure jelly! You hit the rockslime but do no damage.
The acid blob hits you.
You are splashed with acid.
You resist. You block the azure jelly's attack.
The azure jelly closely misses you. You block the azure jelly's attack.
The azure jelly hits you. You block the rockslime's attack.
The formless jellyfish shimmers eerily.
The formless jellyfish blinks!
The golden eye blinks at you. You resist with almost no effort.
The acid blob hits you!!
* * * LOW HITPOINT WARNING * * *
The acid corrodes you!
You are splashed with acid.
You resist.
* * * LOW HITPOINT WARNING * * *
The azure jelly closely misses you. The azure jelly hits you!
* * * LOW HITPOINT WARNING * * *
The azure jelly freezes you! You resist.
* * * LOW HITPOINT WARNING * * *
The azure jelly completely misses you. The azure jelly hits you!
* * * LOW HITPOINT WARNING * * *
The rockslime hits you!!!
* * * LOW HITPOINT WARNING * * *
You hold your ground!
The formless jellyfish completely misses you.
The formless jellyfish closely misses you.
You hit the acid blob but do no damage.
Your hands burn!
* * * LOW HITPOINT WARNING * * *
You hit the rockslime. You slash the azure jelly!
You hit the formless jellyfish but do no damage.
The acid blob spits acid at you. The splash of acid hits you! You resist.
* * * LOW HITPOINT WARNING * * *
The acid corrodes you! The azure jelly closely misses you.
The azure jelly hits you!
You die...

Skill      XL: |  1  2  3  4  5  6  7  8  9 10 11 12 13 14 15 16 17 18 19 20 21 22 23 24 25 26 27 |
---------------+----------------------------------------------------------------------------------+-----
Invocations    | 1 2 3 4 5 6 7 8 10 11 12 13 14 15 16 17 18 19 | 19.9
Long Blades    | 1 2 3 5 6 7 8 9 10 11 12 13 14 15 16 17 18 | 18.4
Axes           | 1 2 3 5 6 7 8 9 10 11 12 13 14 15 16 17 18 | 18.4
Maces & Flails | 1 2 3 5 6 7 8 9 10 11 12 13 14 15 16 17 18 | 18.4
Polearms       | 1 2 3 5 6 7 8 9 10 11 12 13 14 15 16 17 18 | 18.4
Staves         | 1 2 3 5 6 7 8 9 10 11 12 13 14 15 16 17 18 | 18.4
Ranged Weapons | 1 2 3 5 6 7 8 9 10 11 12 13 14 15 16 17 18 | 18.4
Armour         | 1 2 3 5 6 7 8 9 10 11 12 13 14 15 16 17 18 | 18.4
Stealth        | 1 2 3 5 6 7 8 9 10 11 12 13 14 15 16 17 18 | 18.4
Shields        | 1 2 3 5 6 7 8 9 10 11 12 13 14 15 16 17 18 19 | 19.9
Unarmed Combat | 1 2 3 5 6 7 8 9 10 11 12 13 14 15 16 17 18 | 18.4
Spellcasting   | 1 2 3 5 6 7 8 9 10 11 12 13 14 15 16 17 18 | 18.4
Evocations     | 1 2 3 5 6 7 8 9 10 11 12 13 14 15 16 17 18 | 18.4
Shapeshifting  | 1 2 3 4 5 6 7 8 9 10 11 12 13 14 15 16 17 | 17.0
Conjurations   | 1 2 3 4 5 6 7 8 9 10 11 12 13 14 15 | 15.7
Hexes          | 1 2 3 4 5 6 7 8 9 10 11 12 13 14 15 | 15.7
Summonings     | 1 2 3 4 5 6 7 8 9 10 11 12 13 14 15 | 15.7
Necromancy     | 1 2 3 4 5 6 7 8 9 10 11 12 13 14 15 | 15.7
Translocations | 1 2 3 4 5 6 7 8 9 10 11 12 13 14 15 | 15.7
Fire Magic     | 1 2 3 4 5 6 7 8 9 10 11 12 13 14 15 | 15.7
Ice Magic      | 1 2 3 4 5 6 7 8 9 10 11 12 13 14 15 | 15.7
Air Magic      | 1 2 3 4 5 6 7 8 9 10 11 12 13 14 15 | 15.7
Earth Magic    | 1 2 3 4 5 6 7 8 9 10 11 12 13 14 15 | 15.7
Alchemy        | 1 2 3 4 5 6 7 8 9 10 11 12 13 14 15 | 15.7
Fighting       | 5 6 7 8 9 10 11 12 13 14 15 16 17 18 19 | 19.0
Throwing       | 5 6 7 8 9 10 11 12 13 14 15 16 17 18 | 18.9
Short Blades   | 7 8 9 10 11 12 13 14 15 16 17 18 19 | 19.3
Dodging        | 7 8 9 10 11 12 13 14 15 16 17 18 19 | 19.3

Action                     |  1- 3 |  4- 6 |  7- 9 | 10-12 | 13-15 | 16-18 | 19-21 | 22-24 | 25-27 || total
---------------------------+-------+-------+-------+-------+-------+-------+-------+-------+-------++-------
  Melee: Rapier            |    87 |       |   170 |   548 |  1890 |  1752 |  2542 |  2338 |   507 ||  9834
         Bite              |    14 |    28 |    82 |    86 |   366 |   302 |   545 |   668 |   435 ||  2526
         Dagger            |    86 |   242 |   517 |       |       |       |       |       |       ||   845
         Short sword       |       |       |       |   177 |    16 |       |       |       |       ||   193
         Whip              |       |       |       |    18 |       |       |       |       |       ||    18
         Flail             |       |       |       |     9 |       |       |       |       |       ||     9
         Unarmed           |       |       |       |    15 |       |       |       |       |       ||    15
         Double sword      |       |       |       |       |       |       |       |   488 |  1053 ||  1541
         Long sword        |       |       |       |       |       |       |       |     1 |    32 ||    33
         Broad axe         |       |       |       |       |       |       |       |       |   225 ||   225
  Throw: Throwing net      |     1 |     3 |       |       |       |     2 |       |       |       ||     6
         Javelin           |     1 |       |     1 |     2 |     9 |    17 |     8 |    20 |     3 ||    61
         Dart              |       |       |     3 |    20 |     4 |     2 |     6 |     3 |     1 ||    39
   Cast: Blink             |       |       |       |       |     3 |     4 |     5 |     6 |     9 ||    27
         Volatile Blastmot |       |       |       |       |     2 |       |       |       |       ||     2
         Summon Lightning  |       |       |       |       |     7 |    20 |     5 |     1 |     2 ||    35
         Airstrike         |       |       |       |       |     5 |    46 |   120 |    18 |     1 ||   190
         Static Discharge  |       |       |       |       |     4 |     3 |       |       |       ||     7
         Iskenderun's Myst |       |       |       |       |     3 |     8 |    10 |    10 |     5 ||    36
         Lesser Beckoning  |       |       |       |       |     1 |     5 |       |       |     2 ||     8
         Swiftness         |       |       |       |       |     1 |     1 |     1 |     2 |     1 ||     6
         Shock             |       |       |       |       |     1 |     1 |       |       |       ||     2
         Ozocubu's Armour  |       |       |       |       |       |     6 |     2 |     8 |     1 ||    17
         Frozen Ramparts   |       |       |       |       |       |     5 |     1 |    19 |       ||    25
         Summon Forest     |       |       |       |       |       |       |     3 |     3 |     5 ||    11
         Lee's Rapid Decon |       |       |       |       |       |       |    34 |    32 |    30 ||    96
         Arcjolt           |       |       |       |       |       |       |     7 |    52 |    26 ||    85
         Bombard           |       |       |       |       |       |       |       |     2 |     9 ||    11
         Dispersal         |       |       |       |       |       |       |       |       |     8 ||     8
 Invoke: Heal Other        |       |       |     1 |     1 |       |     1 |     1 |     2 |     2 ||     8
         Heal Self         |       |       |       |     3 |     3 |     4 |    11 |    19 |     7 ||    47
         Purification      |       |       |       |     1 |       |     8 |    13 |    13 |     5 ||    40
         Divine Vigour     |       |       |       |       |       |     1 |     2 |     1 |       ||     4
         Divine Shield     |       |       |       |       |       |       |       |       |     3 ||     3
         Cleansing Flame   |       |       |       |       |       |       |       |       |     1 ||     1
Ability: Begin Untransform |       |       |       |       |       |     1 |       |       |       ||     1
  Evoke: Wand              |       |       |    14 |    18 |    10 |    21 |    16 |     5 |       ||    84
         Box of beasts     |       |       |       |       |     1 |     1 |     2 |     1 |       ||     5
         Condenser vane    |       |       |       |       |       |       |     3 |     2 |     1 ||     6
         Lightning rod     |       |       |       |       |       |       |       |     1 |     2 ||     3
         Phial of floods   |       |       |       |       |       |       |       |       |     1 ||     1
    Use: Scroll            |       |     1 |    13 |    17 |    10 |    14 |    10 |    13 |    14 ||    92
         Potion            |       |       |     2 |     4 |       |     8 |     4 |     9 |     8 ||    35
   Stab: Sleeping          |     2 |     3 |    13 |    10 |    18 |    27 |    52 |    23 |    13 ||   161
         Held in net/web   |     1 |     1 |       |       |       |     2 |       |       |       ||     4
         Distracted        |       |       |       |     7 |    65 |    46 |    72 |   102 |    16 ||   308
         Invisible         |       |       |       |       |       |     3 |       |       |       ||     3
         Confused          |       |       |       |       |       |       |       |     1 |       ||     1
 Armour: Leather armour    |    48 |    83 |   119 |       |       |       |       |       |       ||   250
         Ring mail         |       |       |    83 |       |       |       |       |       |       ||    83
         Steam dragon scal |       |       |     5 |   132 |       |       |       |       |       ||   137
         Troll leather arm |       |       |       |   105 |    96 |       |       |       |       ||   201
         Skin              |       |       |       |     3 |       |       |       |       |       ||     3
         Robe              |       |       |       |       |   537 |   592 |   764 |   898 |   894 ||  3685
  Dodge: Dodged            |    90 |   121 |   336 |   551 |  1368 |  1246 |   998 |  1045 |  1107 ||  6862
         Repelled          |       |       |       |       |       |     4 |   124 |    87 |    54 ||   269
  Block: Buckler           |       |       |       |    26 |   553 |   703 |  1038 |  1265 |   693 ||  4278
         Reflection        |       |       |       |       |       |       |    46 |    37 |    16 ||    99
         Kite shield       |       |       |       |       |       |       |       |       |   709 ||   709
   Form: Maw               |       |       |       |       |       |     1 |       |       |       ||     1

Levels and vault maps discovered:
D:1:      ncdulo_watergridlock, layout_basic, serial_bayou_pond_a
D:2:      layout_basic, uniq_terence
D:3:      layout_basic, grunt_temple_overflow_open, grunt_ministairs_1,
          minmay_misc_feat_five, kennysheep_generic_room_6, uniq_grinder
D:4:      layout_basic, elyvilon_altar_5, lemuel_mausoleum_altar_kikubaaqudgha,
          minmay_temple_entry_junction_2, gup_sewer_entry_glass
D:5:      layout_gridville, uniq_eustachio, uniq_menkaure
D:6:      layout_basic, kennysheep_little_box
D:7:      layout_gridville, nicolae_sif_muna_little_library,
          kennysheep_generic_room_7, uniq_jeremiah
D:8:      layout_rooms, enter_bailey_2, uniq_maggie
D:9:      layout_basic, kennysheep_mini_moat, uniq_erolcha
D:10:     layout_loops_ring
D:11:     layout_long_grid, erik_lair_orcish_takeover,
          small_chamber_with_monster, amcnicky_mini_pool_small,
          grunt_ministairs_14, uniq_maurice
D:12:     layout_rooms, kennysheep_orc_monster_closet_entryway
D:13:     layout_big_octagon, hellmonk_vaults_attempted_burglary, serial_shops,
          nicolae_shop_window_shopping
D:14:     layout_loops_cross, nrook_pool_corridor,
          nicolae_shop_i_like_small_books_too
D:15:     gammafunk_enter_depths_forms, layout_layer_cave, serial_glass,
          glass_columns_c, glass_columns_a, glass_columns_a, glass_columns_a,
          glass_columns_c, glass_columns_b, glass_columns_b, glass_columns_a,
          glass_columns_a, glass_columns_b, glass_columns_a, glass_columns_b,
          glass_columns_a, glass_columns_b, nicolae_trove_entry_crossroad,
          serial_bayou_pond_b, nicolae_inconvenience_store,
          eat_drink_and_be_merry_uskayaw
Temple:   regret_index_temple_generic_petals
Lair:1:   layout_hall_layers
Lair:2:   layout_misc_corridors, minmay_swamp_entry_wisps,
          spider_nest_entry_funnel_web, eino_small_chamber_without_monster
Lair:3:   layout_cave_pods, nicolae_quartered_pool_impasse,
          hellmonk_guarded_unrand_vines
Lair:4:   layout_gridlike, nicolae_slime_entry_field_trip,
          pdpol_lair_cavern_descent
Lair:5:   due_jungle_book, layout_layer_cave, gammafunk_ghost_abyssal_escape,
          grunt_megastairs_5
Swamp:1:  gammafunk_sealed_arena, layout_basic_swamp, serial_swamp_ruin,
          hangedman_swamp_ruin_wall, evilmike_swamp_ruin_house_3,
          evilmike_swamp_ruin_house_1, swamp_pool_4, uniq_aizul
Swamp:2:  layout_basic_swamp, nicolae_swamp_decorative_isthmus, swamp_pool_5
Swamp:3:  layout_basic_swamp, nicolae_swamp_small_spring, swamp_pool_1_2
Swamp:4:  swamp_basic_johnstein, layout_basic_swamp,
          portal_ice_cave_entry_frozen_things
Spider:1: layout_spider_delve, gammafunk_ghost_mausoleum
Spider:2: layout_spider_delve
Spider:3: nicolae_spider_hilbert_zone_6 [nicolae_spider_hilbert_4_sides_1_open,
          nicolae_spider_hilbert_4_sides_1_open,
          nicolae_spider_hilbert_4_sides_1_open,
          nicolae_spider_hilbert_4_sides_1_open,
          nicolae_spider_hilbert_4_sides_1_open,
          nicolae_spider_hilbert_4_sides_1_open,
          nicolae_spider_hilbert_4_sides_1_open], uniq_louise
Spider:4: spider_rune_water, drop_trap
Slime:1:  layout_caves
Orc:1:    layout_diamond_mine, basic_altar, mines1_david
Orc:2:    st_orc_open, layout_diamond_mine, uniq_saint_roka
Elf:1:    layout_geoelf_diagonals, serial_shops, shop,
          hangedman_elven_crosses_minicolossus
Elf:2:    nicolae_elf_blades_splatter_lattice [grunt_blade_entry_basic],
          layout_gridlike, nicolae_shop_sticking_my_neck_out
Elf:3:    elf_hall_gauntlet_wide, layout_geoelf_diagonals, basic_altar,
          uniq_roxanne, uniq_zenata, uniq_boris
Vaults:1: advil_vaults_ghost_lines, nicolae_vaults_quartermaster,
          nicolae_vaults_network_s, nicolae_vaults_shrinking_rooms_1,
          ontoclasm_vaults_hangar, v_misc_22, hangedman_vaults_hat, v_misc_16,
          vaults_dpeg_ring, nicolae_vaults_sealed_display,
          vaults_dpeg_emergency_exit, vaults_room_corners,
          layout_vaults_omnicross
Vaults:2: vaults_mumra_lcd, minmay_crypt_entry_simple_statues,
          nicolae_vaults_diagonal_hallway_7, nicolae_vaults_wine_cellar,
          v_misc_11, nicolae_vaults_closet_pinwheel_6, nicolae_vaults_wrenched,
          nicolae_vaults_double_plus_2, dpeg_vaults_hating_casters,
          nicolae_vaults_tetromino_Z_1, ontoclasm_vaults_shuriken,
          ontoclasm_vaults_idyll, nicolae_vaults_taking_the_gang_shopping,
          layout_vaults_maze_snakey
Vaults:3: nicolae_vaults_octothorpe, serial_library_hellmonk_semicircle,
          v_misc_3, nicolae_vaults_more_shelving_1, v_misc_2,
          nicolae_vaults_network_star, st_cells, v_misc_28,
          nicolae_vaults_yaktaur_gun_rack, nicolae_vaults_tetromino_Z_1,
          layout_vaults_quadrants, serial_shops, nicolae_shop_behind_doors
Vaults:4: nicolae_vaults_stepped_doors, vaults_dpeg_hooks, v_misc_19,
          ontoclasm_vaults_hangar, vaults_dpeg_encased_lava,
          lightli_orcish_oven, nicolae_vaults_little_squares_6,
          nicolae_vaults_tetromino_T_2, nicolae_vaults_house_3, v_misc_2,
          nicolae_vaults_storage_room_doors, nicolae_vaults_little_squares_4,
          nicolae_vaults_little_guard_posts, v_misc_29, layout_vaults_big_room,
          serial_shops, nicolae_shop_bloodbath_and_beyond
Vaults:5
Crypt:1:  ragdoll_tomb_raider, layout_gridlike, grunt_ministairs_14,
          uniq_josephina, uniq_donald
Crypt:2:  layout_regular_city, ebering_ghost_gozag,
          nicolae_elevator_lobby_asterisk, grunt_megastairs_3
Crypt:3:  due_elkab, layout_chaotic_city, tomb_entry_simple_bobbens,
          nicolae_crypt_tucked_away, uniq_grunn
Depths:1: layout_roguey, pan_entry, corexii_leaking_fountain, mu_enter_wizlab_7,
          serial_curves, eino_curves_03, eino_curves_01, serial_shops,
          nicolae_take_the_stairs, nicolae_shop_tiny_real_fake_doors,
          nicolae_shop_tiny_glass, hell_entry, nicolae_gozag_zags_fifth_avenue
Depths:2: cheibrodos_tormentor_scu, layout_basic, hangedman_decor_push,
          rand_demon_pan_entry_9, serial_shops, nicolae_stop_n_shop_1,
          hell_entry
Depths:3: minmay_ornate_pinched, layout_gridlike, hell_entry, pan_entry,
          abyss_entry, kennysheep_generic_room_9, minmay_staircase_bubble,
          uniq_mennas, uniq_enchantress, uniq_mara
Depths:4: grunt_crosshair, layout_honeycomb, enter_ziggurat_c,
          rand_demon_pan_entry_4, hell_entry, serial_shops, statue_bzr

Notes
Turn   | Place    | Note
-------+----------+-------------------------------------------
     0 | D:1      | Zonian the Gnoll Gladiator began the quest for the Orb.
     0 | D:1      | Reached XP level 1. HP: 20/20 MP: 1/1
     0 | D:1      | magus.rc [v1.9.6]
    44 | D:1      | Reached XP level 2. HP: 26/26 MP: 2/2
   283 | D:1      | You pick up a book of Necromancy and begin reading...
   283 | D:1      | You add the spells Necrotise, Vampiric Draining, Martyr's
                  | Knell and Curse of Agony to your library.
   350 | D:1      | Reached XP level 3. HP: 29/31 MP: 3/3
   524 | D:1      | Reached skill level 1 in Invocations
  1153 | D:2      | Reached skill level 1 in Long Blades
  1153 | D:2      | Reached skill level 1 in Axes
  1153 | D:2      | Reached skill level 1 in Maces & Flails
  1153 | D:2      | Reached skill level 1 in Polearms
  1153 | D:2      | Reached skill level 1 in Staves
  1153 | D:2      | Reached skill level 1 in Ranged Weapons
  1153 | D:2      | Reached skill level 1 in Armour
  1153 | D:2      | Reached skill level 1 in Stealth
  1153 | D:2      | Reached skill level 1 in Shields
  1153 | D:2      | Reached skill level 1 in Unarmed Combat
  1153 | D:2      | Reached skill level 1 in Spellcasting
  1153 | D:2      | Reached skill level 1 in Evocations
  1276 | D:2      | Noticed Terence
  1474 | D:2      | You fall into a shaft and drop 2 floors!
  1474 | D:4      | Found a white marble altar of Elyvilon.
  1514 | D:4      | Found a staircase to the Ecumenical Temple.
  1524 | Temple   | Entered the Ecumenical Temple
  1610 | D:4      | Became a worshipper of Elyvilon the Healer
  1626 | D:4      | Found a glowing drain.
  1642 | D:4      | Reached skill level 1 in Shapeshifting
  1642 | D:4      | Reached XP level 4. HP: 34/38 MP: 5/5
  1659 | D:4      | Noticed a scorpion
  1680 | D:4      | Reached skill level 1 in Conjurations
  1680 | D:4      | Reached skill level 1 in Hexes
  1680 | D:4      | Reached skill level 1 in Summonings
  1680 | D:4      | Reached skill level 1 in Necromancy
  1680 | D:4      | Reached skill level 1 in Translocations
  1680 | D:4      | Reached skill level 1 in Fire Magic
  1680 | D:4      | Reached skill level 1 in Ice Magic
  1680 | D:4      | Reached skill level 1 in Air Magic
  1680 | D:4      | Reached skill level 1 in Earth Magic
  1680 | D:4      | Reached skill level 1 in Alchemy
  1732 | D:4      | Reached XP level 5. HP: 41/43 MP: 5/7
  1739 | Sewer    | Entered a sewer
  1877 | Sewer    | Found a burning altar of Makhleb.
  1877 | Sewer    | Noticed a kobold brigand
  1900 | Sewer    | Killed a kobold brigand
  1901 | Sewer    | Reached skill level 2 in Invocations
  1926 | Sewer    | Reached XP level 6. HP: 44/50 MP: 8/8
  2023 | Sewer    | Reached skill level 5 in Fighting
  2023 | Sewer    | Reached skill level 5 in Throwing
  2033 | Sewer    | You pick up a book of Cantrips and begin reading...
  2033 | Sewer    | You add the spells Sting, Summon Small Mammal and
                  | Apportation to your library.
  2123 | Sewer    | Reached skill level 2 in Long Blades
  2123 | Sewer    | Reached skill level 2 in Axes
  2123 | Sewer    | Reached skill level 2 in Maces & Flails
  2123 | Sewer    | Reached skill level 2 in Polearms
  2123 | Sewer    | Reached skill level 2 in Staves
  2123 | Sewer    | Reached skill level 2 in Ranged Weapons
  2123 | Sewer    | Reached skill level 2 in Armour
  2123 | Sewer    | Reached skill level 2 in Stealth
  2123 | Sewer    | Reached skill level 2 in Shields
  2123 | Sewer    | Reached skill level 2 in Unarmed Combat
  2123 | Sewer    | Reached skill level 2 in Spellcasting
  2123 | Sewer    | Reached skill level 2 in Evocations
  2401 | D:4      | Reached skill level 2 in Shapeshifting
  2421 | D:4      | Reached XP level 7. HP: 23/56 MP: 10/10
  2690 | D:4      | Reached skill level 7 in Short Blades
  2690 | D:4      | Reached skill level 7 in Dodging
  2737 | D:3      | Reached * piety under Elyvilon
  2746 | D:3      | Reached skill level 2 in Conjurations
  2746 | D:3      | Reached skill level 2 in Hexes
  2746 | D:3      | Reached skill level 2 in Summonings
  2746 | D:3      | Reached skill level 2 in Necromancy
  2746 | D:3      | Reached skill level 2 in Translocations
  2746 | D:3      | Reached skill level 2 in Fire Magic
  2746 | D:3      | Reached skill level 2 in Ice Magic
  2746 | D:3      | Reached skill level 2 in Air Magic
  2746 | D:3      | Reached skill level 2 in Earth Magic
  2746 | D:3      | Reached skill level 2 in Alchemy
  3220 | D:2      | Killed Terence
  3722 | D:3      | Reached skill level 3 in Invocations
  3960 | D:3      | Noticed Grinder
  4123 | D:3      | Reached ** piety under Elyvilon
  4146 | D:3      | Paralysed by Grinder for 3 turns
  4150 | D:3      | Killed Grinder
  4151 | D:3      | Reached skill level 3 in Long Blades
  4151 | D:3      | Reached skill level 3 in Axes
  4151 | D:3      | Reached skill level 3 in Maces & Flails
  4151 | D:3      | Reached skill level 3 in Polearms
  4151 | D:3      | Reached skill level 3 in Staves
  4151 | D:3      | Reached skill level 3 in Ranged Weapons
  4151 | D:3      | Reached skill level 3 in Armour
  4151 | D:3      | Reached skill level 3 in Stealth
  4151 | D:3      | Reached skill level 3 in Shields
  4151 | D:3      | Reached skill level 3 in Unarmed Combat
  4151 | D:3      | Reached skill level 3 in Spellcasting
  4151 | D:3      | Reached skill level 3 in Evocations
  4151 | D:3      | Reached XP level 8. HP: 63/63 MP: 12/12
  4274 | D:3      | Found a hazy altar of Hepliaklqana.
  4274 | D:3      | Found a snail-covered altar of Cheibriados.
  5067 | D:4      | Found an ancient bone altar of Kikubaaqudgha.
  5094 | D:4      | Reached skill level 3 in Shapeshifting
  5563 | D:5      | Entered Level 5 of the Dungeon
  5595 | D:5      | Reached *** piety under Elyvilon
  5863 | D:5      | Noticed Eustachio
  5867 | D:5      | Killed Eustachio
  5868 | D:5      | Reached skill level 3 in Conjurations
  5868 | D:5      | Reached skill level 3 in Hexes
  5868 | D:5      | Reached skill level 3 in Summonings
  5868 | D:5      | Reached skill level 3 in Necromancy
  5868 | D:5      | Reached skill level 3 in Translocations
  5868 | D:5      | Reached skill level 3 in Fire Magic
  5868 | D:5      | Reached skill level 3 in Ice Magic
  5868 | D:5      | Reached skill level 3 in Air Magic
  5868 | D:5      | Reached skill level 3 in Earth Magic
  5868 | D:5      | Reached skill level 3 in Alchemy
  5868 | D:5      | Reached skill level 4 in Invocations
  5889 | D:5      | Reached skill level 6 in Fighting
  5889 | D:5      | Reached skill level 6 in Throwing
  6127 | D:5      | Reached XP level 9. HP: 21/69 MP: 14/14
  6294 | D:5      | Noticed Menkaure
  6439 | D:5      | Killed Menkaure
  6440 | D:5      | Reached skill level 4 in Long Blades
  6440 | D:5      | Reached skill level 4 in Axes
  6440 | D:5      | Reached skill level 4 in Maces & Flails
  6440 | D:5      | Reached skill level 4 in Polearms
  6440 | D:5      | Reached skill level 4 in Staves
  6440 | D:5      | Reached skill level 4 in Ranged Weapons
  6440 | D:5      | Reached skill level 4 in Armour
  6440 | D:5      | Reached skill level 4 in Stealth
  6440 | D:5      | Reached skill level 4 in Shields
  6440 | D:5      | Reached skill level 4 in Unarmed Combat
  6440 | D:5      | Reached skill level 4 in Spellcasting
  6440 | D:5      | Reached skill level 4 in Evocations
  6609 | D:6      | You pick up a book of Minor Magic and begin reading...
  6609 | D:6      | You add the spells Magic Dart, Blink and Call Imp to your
                  | library.
  7074 | D:6      | Found a glowing golden altar of the Shining One.
  7286 | D:6      | Reached skill level 8 in Short Blades
  7286 | D:6      | Reached skill level 8 in Dodging
  7286 | D:6      | Reached skill level 4 in Shapeshifting
  7339 | D:6      | Reached skill level 5 in Invocations
  7343 | D:6      | You pick up a book of Weapons and begin reading...
  7343 | D:6      | You add the spells Tukima's Dance, Dimensional Bullseye and
                  | Iskenderun's Mystic Blast to your library.
  7675 | D:6      | Reached **** piety under Elyvilon
  7889 | D:7      | Noticed Jeremiah
  7960 | D:7      | Noticed a hornet
  7962 | D:7      | Killed a hornet
  7991 | D:7      | You pick up a book of Air and begin reading...
  7991 | D:7      | You add the spells Shock, Swiftness and Airstrike to your
                  | library.
  8139 | D:7      | Reached skill level 4 in Conjurations
  8139 | D:7      | Reached skill level 4 in Hexes
  8139 | D:7      | Reached skill level 4 in Summonings
  8139 | D:7      | Reached skill level 4 in Necromancy
  8139 | D:7      | Reached skill level 4 in Translocations
  8139 | D:7      | Reached skill level 4 in Fire Magic
  8139 | D:7      | Reached skill level 4 in Ice Magic
  8139 | D:7      | Reached skill level 4 in Air Magic
  8139 | D:7      | Reached skill level 4 in Earth Magic
  8139 | D:7      | Reached skill level 4 in Alchemy
  8326 | D:7      | Reached ***** piety under Elyvilon
  8439 | D:7      | Found a shimmering blue altar of Sif Muna.
  8582 | D:7      | Reached skill level 5 in Long Blades
  8582 | D:7      | Reached skill level 5 in Axes
  8582 | D:7      | Reached skill level 5 in Maces & Flails
  8582 | D:7      | Reached skill level 5 in Polearms
  8582 | D:7      | Reached skill level 5 in Staves
  8582 | D:7      | Reached skill level 5 in Ranged Weapons
  8582 | D:7      | Reached skill level 5 in Armour
  8582 | D:7      | Reached skill level 5 in Stealth
  8582 | D:7      | Reached skill level 5 in Shields
  8582 | D:7      | Reached skill level 5 in Unarmed Combat
  8582 | D:7      | Reached skill level 5 in Spellcasting
  8582 | D:7      | Reached skill level 5 in Evocations
  8582 | D:7      | Reached XP level 10. HP: 74/77 MP: 17/17
  8666 | D:7      | magus.rc [v1.9.6]
  8727 | D:8      | Found a flagged portal.
  8788 | Bailey   | Entered a bailey
  8800 | Bailey   | Reached skill level 7 in Fighting
  8800 | Bailey   | Reached skill level 7 in Throwing
  9129 | Bailey   | Reached skill level 6 in Invocations
  9156 | Bailey   | Noticed a two-headed ogre
  9163 | Bailey   | Killed a two-headed ogre
  9164 | Bailey   | Reached skill level 5 in Shapeshifting
  9311 | Bailey   | Identified the +1 quarterstaff "Buneomni" {spect, +Blink
                  | rN+ Will+ Dex-4}
  9326 | Bailey   | Identified the +7 broad axe of Putrescence {heavy, Str+8}
  9472 | D:8      | Noticed a two-headed ogre
  9584 | D:8      | Noticed Maggie
  9598 | D:8      | Killed Maggie
  9654 | D:8      | Reached skill level 9 in Short Blades
  9654 | D:8      | Reached skill level 6 in Long Blades
  9654 | D:8      | Reached skill level 6 in Axes
  9654 | D:8      | Reached skill level 6 in Maces & Flails
  9654 | D:8      | Reached skill level 6 in Polearms
  9654 | D:8      | Reached skill level 6 in Staves
  9654 | D:8      | Reached skill level 6 in Ranged Weapons
  9654 | D:8      | Reached skill level 6 in Armour
  9654 | D:8      | Reached skill level 9 in Dodging
  9654 | D:8      | Reached skill level 6 in Stealth
  9654 | D:8      | Reached skill level 6 in Shields
  9654 | D:8      | Reached skill level 6 in Unarmed Combat
  9654 | D:8      | Reached skill level 6 in Spellcasting
  9654 | D:8      | Reached skill level 6 in Evocations
  9657 | D:8      | Reached skill level 5 in Conjurations
  9657 | D:8      | Reached skill level 5 in Hexes
  9657 | D:8      | Reached skill level 5 in Summonings
  9657 | D:8      | Reached skill level 5 in Necromancy
  9657 | D:8      | Reached skill level 5 in Translocations
  9657 | D:8      | Reached skill level 5 in Fire Magic
  9657 | D:8      | Reached skill level 5 in Ice Magic
  9657 | D:8      | Reached skill level 5 in Air Magic
  9657 | D:8      | Reached skill level 5 in Earth Magic
  9657 | D:8      | Reached skill level 5 in Alchemy
  9658 | D:8      | HP: 13/79 [wight/+3 battleaxe (16)]
  9666 | D:8      | Reached XP level 11. HP: 37/85 MP: 17/20
 10223 | D:8      | Killed a two-headed ogre
 10601 | D:9      | Noticed Erolcha
 10739 | D:9      | Noticed a skeletal warrior
 10739 | D:9      | Noticed a skeletal warrior
 10976 | D:9      | Noticed a skeletal warrior
 11269 | D:8      | HP: 11/84 [skeletal warrior/+0 dire flail (11)]
 11272 | D:8      | Killed a skeletal warrior
 11273 | D:8      | Reached skill level 7 in Invocations
 11931 | D:9      | Identified the maw talisman of Insurance {*Corrode rElec
                  | rPois rC+++}
 11947 | D:9      | HP: 20/86 [+0 spectral giant club[Erolcha] (29)]
 11951 | D:9      | Killed Erolcha
 11952 | D:9      | Reached skill level 8 in Fighting
 11952 | D:9      | Reached skill level 8 in Throwing
 12587 | D:9      | Reached skill level 6 in Shapeshifting
 12763 | D:9      | Identified a scroll of acquirement
 12763 | D:9      | Acquired 661 gold pieces
 12971 | D:9      | You pick up a book of Fire and begin reading...
 12971 | D:9      | You add the spells Foxfire, Plasma Beam and Starburst to
                  | your library.
 12997 | D:9      | Learned a level 2 spell: Blink
 13001 | D:9      | Learned a level 3 spell: Swiftness
 13007 | D:9      | Found a hide-covered altar of Uskayaw.
 13183 | D:10     | Entered Level 10 of the Dungeon
 13183 | D:10     | Noticed a two-headed ogre
 13184 | D:10     | Killed a two-headed ogre
 13379 | D:10     | Noticed a two-headed ogre
 13381 | D:10     | Killed a two-headed ogre
 13881 | D:10     | Noticed a two-headed ogre
 13900 | D:10     | Killed a two-headed ogre
 13901 | D:10     | Reached skill level 7 in Long Blades
 13901 | D:10     | Reached skill level 7 in Axes
 13901 | D:10     | Reached skill level 7 in Maces & Flails
 13901 | D:10     | Reached skill level 7 in Polearms
 13901 | D:10     | Reached skill level 7 in Staves
 13901 | D:10     | Reached skill level 7 in Ranged Weapons
 13901 | D:10     | Reached skill level 7 in Armour
 13901 | D:10     | Reached skill level 7 in Stealth
 13901 | D:10     | Reached skill level 7 in Shields
 13901 | D:10     | Reached skill level 7 in Unarmed Combat
 13901 | D:10     | Reached skill level 7 in Spellcasting
 13901 | D:10     | Reached skill level 7 in Evocations
 13928 | D:10     | You pick up a book of Spatial Translocations and begin
                  | reading...
 13928 | D:10     | You add the spells Momentum Strike and Lesser Beckoning to
                  | your library.
 14312 | D:10     | Reached XP level 12. HP: 47/94 MP: 22/22
 14648 | D:11     | Noticed Maurice
 14654 | D:11     | Maurice stole the maw talisman of Insurance {*Corrode rElec
                  | rPois rC+++}
 14674 | D:11     | Something stole a +2 dagger of speed {short}
 14675 | D:11     | Something stole 508 gold
 14684 | D:11     | Killed Maurice
 14748 | D:11     | Noticed a two-headed ogre
 14766 | D:11     | Killed a two-headed ogre
 14767 | D:11     | Reached skill level 6 in Conjurations
 14767 | D:11     | Reached skill level 6 in Hexes
 14767 | D:11     | Reached skill level 6 in Summonings
 14767 | D:11     | Reached skill level 6 in Necromancy
 14767 | D:11     | Reached skill level 6 in Translocations
 14767 | D:11     | Reached skill level 6 in Fire Magic
 14767 | D:11     | Reached skill level 6 in Ice Magic
 14767 | D:11     | Reached skill level 6 in Air Magic
 14767 | D:11     | Reached skill level 6 in Earth Magic
 14767 | D:11     | Reached skill level 6 in Alchemy
 14894 | D:11     | Reached skill level 8 in Invocations
 15059 | D:11     | Noticed a boulder beetle
 15115 | D:11     | Killed a boulder beetle
 15329 | D:11     | Found a staircase to the Lair.
 15507 | D:11     | Reached skill level 10 in Short Blades
 15507 | D:11     | Reached skill level 10 in Dodging
 15623 | D:11     | Noticed a boulder beetle
 15644 | D:11     | Killed a boulder beetle
 15899 | Lair:1   | Entered Level 1 of the Lair of Beasts
 15937 | Lair:1   | Upgraded the game from 0.32-a0-666-ge8a88695a4 to
                  | 0.32-a0-673-g3729bd50f8
 15937 | Lair:1   | magus.rc [v1.9.6]
 16090 | Lair:1   | You pick up a book of Necromancy {forbidden} and begin
                  | reading...
 16174 | Lair:1   | Reached skill level 9 in Fighting
 16174 | Lair:1   | Reached skill level 9 in Throwing
 16303 | Lair:1   | You pick up a book of Storms and begin reading...
 16303 | Lair:1   | You add the spells Static Discharge and Summon Lightning
                  | Spire to your library.
 16374 | Lair:1   | Reached skill level 7 in Shapeshifting
 16988 | Lair:1   | Reached ****** piety under Elyvilon
 17113 | Lair:1   | You pick up a book of Necromancy {forbidden} and begin
                  | reading...
 17520 | Lair:2   | Reached skill level 8 in Long Blades
 17520 | Lair:2   | Reached skill level 8 in Axes
 17520 | Lair:2   | Reached skill level 8 in Maces & Flails
 17520 | Lair:2   | Reached skill level 8 in Polearms
 17520 | Lair:2   | Reached skill level 8 in Staves
 17520 | Lair:2   | Reached skill level 8 in Ranged Weapons
 17520 | Lair:2   | Reached skill level 8 in Armour
 17520 | Lair:2   | Reached skill level 8 in Stealth
 17520 | Lair:2   | Reached skill level 8 in Shields
 17520 | Lair:2   | Reached skill level 8 in Unarmed Combat
 17520 | Lair:2   | Reached skill level 8 in Spellcasting
 17520 | Lair:2   | Reached skill level 8 in Evocations
 17668 | Lair:2   | Found a staircase to the Swamp.
 18173 | Lair:3   | Noticed a six-headed hydra
 18200 | Lair:2   | Reached XP level 13. HP: 101/101 MP: 25/25
 18357 | Lair:2   | Reached skill level 9 in Invocations
 18479 | Lair:3   | You pick up a book of Blasting and begin reading...
 18479 | Lair:3   | You add the spells Volatile Blastmotes and Fulminant Prism
                  | to your library.
 18831 | Lair:2   | Reached skill level 7 in Conjurations
 18831 | Lair:2   | Reached skill level 7 in Hexes
 18831 | Lair:2   | Reached skill level 7 in Summonings
 18831 | Lair:2   | Reached skill level 7 in Necromancy
 18831 | Lair:2   | Reached skill level 7 in Translocations
 18831 | Lair:2   | Reached skill level 7 in Fire Magic
 18831 | Lair:2   | Reached skill level 7 in Ice Magic
 18831 | Lair:2   | Reached skill level 7 in Air Magic
 18831 | Lair:2   | Reached skill level 7 in Earth Magic
 18831 | Lair:2   | Reached skill level 7 in Alchemy
 19309 | Lair:3   | You add the spells Vhi's Electric Charge, Arcjolt and
                  | Maxwell's Capacitive Coupling to your library.
 19365 | Lair:3   | Found the +1 robe of Vines {NoPotionHeal Regen++++}
 19770 | Lair:3   | Reached skill level 8 in Shapeshifting
 19953 | Lair:3   | Reached skill level 10 in Fighting
 19953 | Lair:3   | Reached skill level 11 in Short Blades
 19953 | Lair:3   | Reached skill level 10 in Throwing
 19953 | Lair:3   | Reached skill level 11 in Dodging
 21050 | Lair:4   | Reached skill level 9 in Long Blades
 21050 | Lair:4   | Reached skill level 9 in Axes
 21050 | Lair:4   | Reached skill level 9 in Maces & Flails
 21050 | Lair:4   | Reached skill level 9 in Polearms
 21050 | Lair:4   | Reached skill level 9 in Staves
 21050 | Lair:4   | Reached skill level 9 in Ranged Weapons
 21050 | Lair:4   | Reached skill level 9 in Armour
 21050 | Lair:4   | Reached skill level 9 in Stealth
 21050 | Lair:4   | Reached skill level 9 in Shields
 21050 | Lair:4   | Reached skill level 9 in Unarmed Combat
 21050 | Lair:4   | Reached skill level 9 in Spellcasting
 21050 | Lair:4   | Reached skill level 9 in Evocations
 21475 | Lair:4   | Learned a level 1 spell: Shock
 21478 | Lair:4   | Learned a level 2 spell: Lesser Beckoning
 21481 | Lair:4   | Learned a level 2 spell: Static Discharge
 21485 | Lair:4   | Learned a level 3 spell: Volatile Blastmotes
 21515 | Lair:4   | Found a staircase to the Slime Pits.
 21565 | Lair:4   | Reached skill level 10 in Invocations
 21565 | Lair:4   | Reached XP level 14. HP: 82/110 MP: 24/27
 22503 | Lair:4   | HP: 23/111 [death yak (22)]
 23236 | Lair:5   | Entered Level 5 of the Lair of Beasts
 23252 | Lair:5   | Reached skill level 8 in Conjurations
 23252 | Lair:5   | Reached skill level 8 in Hexes
 23252 | Lair:5   | Reached skill level 8 in Summonings
 23252 | Lair:5   | Reached skill level 8 in Necromancy
 23252 | Lair:5   | Reached skill level 8 in Translocations
 23252 | Lair:5   | Reached skill level 8 in Fire Magic
 23252 | Lair:5   | Reached skill level 8 in Ice Magic
 23252 | Lair:5   | Reached skill level 8 in Air Magic
 23252 | Lair:5   | Reached skill level 8 in Earth Magic
 23252 | Lair:5   | Reached skill level 8 in Alchemy
 23354 | Lair:5   | Found a transporter.
 23475 | Lair:5   | Identified the +7 trident of Guneekugidd {drain, ^Fragile
                  | rPois rN+++ Stlth+}
 24228 | Lair:5   | Reached skill level 9 in Shapeshifting
 24602 | Lair:5   | Found a transporter.
 24605 | Lair:5   | Identified the ring "Amug" {Ice ^Drain rPois rN+++ Stlth-}
 24606 | Lair:5   | Found a one-way gate to the infinite horrors of the Abyss.
 24606 | Lair:5   | Noticed jestert79's ghost (journeyman CoAr)
 25104 | Lair:5   | Reached skill level 11 in Fighting
 25104 | Lair:5   | Reached skill level 11 in Throwing
 25144 | Lair:5   | Noticed a dire elephant
 25144 | Lair:5   | Noticed a dire elephant
 25257 | Lair:5   | Reached skill level 10 in Long Blades
 25257 | Lair:5   | Reached skill level 10 in Axes
 25257 | Lair:5   | Reached skill level 10 in Maces & Flails
 25257 | Lair:5   | Reached skill level 10 in Polearms
 25257 | Lair:5   | Reached skill level 10 in Staves
 25257 | Lair:5   | Reached skill level 10 in Ranged Weapons
 25257 | Lair:5   | Reached skill level 10 in Armour
 25257 | Lair:5   | Reached skill level 10 in Stealth
 25257 | Lair:5   | Reached skill level 10 in Shields
 25257 | Lair:5   | Reached skill level 10 in Unarmed Combat
 25257 | Lair:5   | Reached skill level 10 in Spellcasting
 25257 | Lair:5   | Reached skill level 10 in Evocations
 25784 | Lair:5   | Learned a level 4 spell: Airstrike
 26134 | D:12     | Reached XP level 15. HP: 118/118 MP: 29/29
 26156 | D:12     | Reached skill level 11 in Invocations
 26508 | D:11     | Reached skill level 12 in Short Blades
 26508 | D:11     | Reached skill level 12 in Dodging
 26981 | D:12     | Found a staircase to the Orcish Mines.
 27685 | D:13     | Found a gate to the Vaults.
 27755 | D:13     | Found Xuwe Sun's Antique Armour Shop.
 27773 | D:13     | Bought a runed buckler for 225 gold pieces
 27783 | D:13     | Bought a pair of runed boots for 225 gold pieces
 27803 | D:13     | Learned a level 4 spell: Iskenderun's Mystic Blast
 27808 | D:13     | Learned a level 4 spell: Summon Lightning Spire
 28625 | D:14     | Found Joqoesche's Tiny Tomes.
 28630 | D:14     | Bought the Incunabulum of Subspace for 132 gold pieces
 29439 | D:15     | Entered Level 15 of the Dungeon
 29837 | D:15     | Paralysed by something for 5 turns
 29856 | D:15     | Paralysed by something for 2 turns
 29874 | D:15     | Reached skill level 9 in Conjurations
 29874 | D:15     | Reached skill level 9 in Hexes
 29874 | D:15     | Reached skill level 9 in Summonings
 29874 | D:15     | Reached skill level 9 in Necromancy
 29874 | D:15     | Reached skill level 9 in Translocations
 29874 | D:15     | Reached skill level 9 in Fire Magic
 29874 | D:15     | Reached skill level 9 in Ice Magic
 29874 | D:15     | Reached skill level 9 in Air Magic
 29874 | D:15     | Reached skill level 9 in Earth Magic
 29874 | D:15     | Reached skill level 9 in Alchemy
 30119 | D:15     | Found a hide-covered altar of Uskayaw.
 30127 | D:15     | Identified the +4 long sword "Killer Bee's Bane"
                  | {antimagic, rF+ Int+5}
 30499 | D:15     | Reached skill level 10 in Shapeshifting
 30794 | D:15     | Reached XP level 16. HP: 127/127 MP: 30/30
 30814 | D:15     | Found a staircase to the Depths.
 30836 | D:15     | Reached skill level 11 in Long Blades
 30836 | D:15     | Reached skill level 11 in Axes
 30836 | D:15     | Reached skill level 11 in Maces & Flails
 30836 | D:15     | Reached skill level 11 in Polearms
 30836 | D:15     | Reached skill level 11 in Staves
 30836 | D:15     | Reached skill level 11 in Ranged Weapons
 30836 | D:15     | Reached skill level 11 in Armour
 30836 | D:15     | Reached skill level 11 in Stealth
 30836 | D:15     | Reached skill level 11 in Shields
 30836 | D:15     | Reached skill level 11 in Unarmed Combat
 30836 | D:15     | Reached skill level 11 in Spellcasting
 30836 | D:15     | Reached skill level 11 in Evocations
 30974 | D:15     | Found Liblisy's Distillery.
 31030 | D:15     | Reached skill level 12 in Invocations
 31223 | D:15     | Bought a potion of haste for 160 gold pieces
 31337 | D:15     | Found a portal to a secret trove of treasure.
 31568 | D:15     | Reached skill level 12 in Fighting
 31568 | D:15     | Reached skill level 12 in Throwing
 31986 | Orc:1    | Entered Level 1 of the Orcish Mines
 32278 | Orc:1    | Found a roughly hewn altar of Beogh.
 32296 | Orc:1    | Found a roughly hewn altar of Beogh.
 32462 | Orc:2    | Entered Level 2 of the Orcish Mines
 32462 | Orc:2    | Noticed Saint Roka
 33470 | Orc:2    | Killed Saint Roka
 33471 | Orc:2    | Reached skill level 13 in Short Blades
 33471 | Orc:2    | Reached skill level 13 in Dodging
 34227 | Orc:2    | Found Midon's Antique Armour Emporium.
 34252 | Orc:2    | Found a staircase to the Elven Halls.
 34252 | Orc:2    | Found Zicwe's Book Emporium.
 34355 | Orc:2    | Found Yge Dokk's Magic Scroll Shop.
 34364 | Orc:2    | Found Ojisexex's Antique Weapon Shoppe.
 34373 | Orc:2    | Bought a blackened dagger for 203 gold pieces
 34373 | Orc:2    | Identified the +1 dagger of the Big Bang {chaos, rN+ MP+9
                  | Dex+3} (You bought it in a shop on level 2 of the Orcish
                  | Mines)
 34602 | Orc:1    | magus.rc [v1.9.6]
 34777 | Lair:2   | Found a hole to the Spider Nest.
 34893 | Spider:1 | Entered Level 1 of the Spider Nest
 35114 | Spider:1 | Found a transporter.
 35116 | Spider:1 | Noticed DeathSocks's ghost (adept DsHs)
 35321 | Spider:1 | Found a transporter.
 35492 | Spider:1 | Reached XP level 17. HP: 86/135 MP: 9/32
 35623 | Spider:1 | Reached skill level 10 in Conjurations
 35623 | Spider:1 | Reached skill level 10 in Hexes
 35623 | Spider:1 | Reached skill level 10 in Summonings
 35623 | Spider:1 | Reached skill level 10 in Necromancy
 35623 | Spider:1 | Reached skill level 10 in Translocations
 35623 | Spider:1 | Reached skill level 10 in Fire Magic
 35623 | Spider:1 | Reached skill level 10 in Ice Magic
 35623 | Spider:1 | Reached skill level 10 in Air Magic
 35623 | Spider:1 | Reached skill level 10 in Earth Magic
 35623 | Spider:1 | Reached skill level 10 in Alchemy
 36175 | Spider:1 | You pick up a book of Hexes and begin reading...
 36175 | Spider:1 | You add the spells Anguish, Cause Fear and Enfeeble to your
                  | library.
 36261 | Spider:1 | You pick up a book of Battle and begin reading...
 36261 | Spider:1 | You add the spells Fugue of the Fallen, Ozocubu's Armour
                  | and Manifold Assault to your library.
 36454 | Spider:1 | Learned a level 3 spell: Ozocubu's Armour
 36976 | Spider:2 | Reached skill level 11 in Shapeshifting
 37372 | Spider:2 | Reached skill level 13 in Invocations
 37388 | Spider:2 | Reached skill level 12 in Long Blades
 37388 | Spider:2 | Reached skill level 12 in Axes
 37388 | Spider:2 | Reached skill level 12 in Maces & Flails
 37388 | Spider:2 | Reached skill level 12 in Polearms
 37388 | Spider:2 | Reached skill level 12 in Staves
 37388 | Spider:2 | Reached skill level 12 in Ranged Weapons
 37388 | Spider:2 | Reached skill level 12 in Armour
 37388 | Spider:2 | Reached skill level 12 in Stealth
 37388 | Spider:2 | Reached skill level 12 in Shields
 37388 | Spider:2 | Reached skill level 12 in Unarmed Combat
 37388 | Spider:2 | Reached skill level 12 in Spellcasting
 37388 | Spider:2 | Reached skill level 12 in Evocations
 37838 | Spider:2 | magus.rc [v1.9.6]
 38213 | Spider:3 | Noticed Louise
 38250 | Spider:3 | Killed Louise
 38633 | Spider:3 | You pick up a book of Sloth and begin reading...
 38633 | Spider:3 | You add the spells Frozen Ramparts, Leda's Liquefaction,
                  | Petrify and Metabolic Englaciation to your library.
 38638 | Spider:3 | Learned a level 3 spell: Frozen Ramparts
 38821 | Spider:3 | Reached skill level 13 in Fighting
 38821 | Spider:3 | Reached skill level 13 in Throwing
 38823 | Spider:3 | Paralysed by a jorogumo for 2 turns
 38824 | Spider:3 | HP: 29/130 [redback (8)]
 38825 | Spider:3 | HP: 13/130 [redback (10)]
 38831 | Spider:3 | HP: 23/130 [redback (14)]
 39070 | Spider:3 | Gained mutation: Your health recovers twice as slowly from
                  | being drained. [mutagenic glow]
 39321 | Spider:3 | Identified a potion of experience
 39322 | Spider:3 | Reached XP level 18. HP: 142/142 MP: 34/34
 39325 | Spider:3 | magus.rc [v1.9.6]
 39526 | Spider:4 | Entered Level 4 of the Spider Nest
 39817 | Spider:4 | You pick up a book of Armaments and begin reading...
 39817 | Spider:4 | You add the spells Stone Arrow, Animate Armour and
                  | Lehudib's Crystal Spear to your library.
 40954 | Spider:4 | Learned a level 5 spell: Summon Forest
 40980 | Spider:4 | Reached skill level 14 in Short Blades
 40980 | Spider:4 | Reached skill level 14 in Dodging
 41041 | Spider:4 | You pick up a book of Spectacle and begin reading...
 43094 | Spider:4 | Got a gossamer rune of Zot
 43575 | Swamp:1  | Entered Level 1 of the Swamp
 43675 | Swamp:1  | Identified the serpent talisman of Complete Protection {rC+
                  | Will+ Str+4 Dex-4}
 43675 | Swamp:1  | Noticed Aizul
 43716 | Swamp:1  | Killed Aizul
 43717 | Swamp:1  | Reached XP level 19. HP: 143/150 MP: 35/35
 44018 | Swamp:1  | Noticed a tentacled monstrosity
 44021 | Swamp:1  | Noticed a tentacled monstrosity
 44023 | Swamp:1  | Found a transporter.
 44023 | Swamp:1  | Found a transporter.
 44030 | Swamp:1  | Noticed a tentacled monstrosity
 44174 | Swamp:1  | magus.rc [v1.9.6]
 46609 | Swamp:3  | Reached skill level 14 in Invocations
 46681 | Swamp:3  | You pick up a book of Ice and begin reading...
 46681 | Swamp:3  | You add the spells Sculpt Simulacrum, Ozocubu's
                  | Refrigeration and Polar Vortex to your library.
 47144 | Swamp:3  | Reached skill level 11 in Conjurations
 47144 | Swamp:3  | Reached skill level 11 in Hexes
 47144 | Swamp:3  | Reached skill level 11 in Summonings
 47144 | Swamp:3  | Reached skill level 11 in Necromancy
 47144 | Swamp:3  | Reached skill level 11 in Translocations
 47144 | Swamp:3  | Reached skill level 11 in Fire Magic
 47144 | Swamp:3  | Reached skill level 11 in Ice Magic
 47144 | Swamp:3  | Reached skill level 11 in Air Magic
 47144 | Swamp:3  | Reached skill level 11 in Earth Magic
 47144 | Swamp:3  | Reached skill level 11 in Alchemy
 47636 | Swamp:3  | Reached skill level 13 in Long Blades
 47636 | Swamp:3  | Reached skill level 13 in Axes
 47636 | Swamp:3  | Reached skill level 13 in Maces & Flails
 47636 | Swamp:3  | Reached skill level 13 in Polearms
 47636 | Swamp:3  | Reached skill level 13 in Staves
 47636 | Swamp:3  | Reached skill level 13 in Ranged Weapons
 47636 | Swamp:3  | Reached skill level 13 in Armour
 47636 | Swamp:3  | Reached skill level 13 in Stealth
 47636 | Swamp:3  | Reached skill level 13 in Shields
 47636 | Swamp:3  | Reached skill level 13 in Unarmed Combat
 47636 | Swamp:3  | Reached skill level 13 in Spellcasting
 47636 | Swamp:3  | Reached skill level 13 in Evocations
 47941 | Swamp:4  | Entered Level 4 of the Swamp
 48106 | Swamp:4  | Reached skill level 12 in Shapeshifting
 48161 | Swamp:4  | Found a glacial archway.
 48716 | Swamp:3  | HP: 36/151 [swamp dragon (2)]
 48721 | Swamp:3  | HP: 34/151 [poison (poison gas)]
 49400 | Swamp:3  | HP: 36/151 [poison (poison gas)]
 49405 | Swamp:3  | HP: 37/151 [poison (poison gas)]
 50302 | Swamp:4  | HP: 36/151 [poisoned by a swamp dragon (poison gas)]
 50307 | Swamp:4  | HP: 2/151 [spriggan berserker/+0 antimagic war axe (34)]
 50312 | Swamp:4  | HP: 12/151 [spriggan berserker/+0 antimagic war axe (8)]
 50313 | Swamp:4  | Elyvilon protects you from harm!
 50315 | Swamp:4  | HP: 2/196 [spriggan berserker/+0 antimagic war axe (10)]
 50583 | Swamp:4  | Got a decaying rune of Zot
 50668 | Swamp:4  | Reached skill level 14 in Fighting
 50668 | Swamp:4  | Reached skill level 14 in Throwing
 50990 | Elf:1    | Entered Level 1 of the Elven Halls
 51212 | Elf:1    | You pick up a book of Iron and begin reading...
 51219 | Elf:1    | Learned a level 5 spell: Lee's Rapid Deconstruction
 51257 | Elf:1    | You pick up a book of Flames and begin reading...
 51257 | Elf:1    | You add the spells Inner Flame, Sticky Flame and Flame Wave
                  | to your library.
 51480 | Elf:1    | Found Rueh's Magic Scroll Emporium.
 51506 | Elf:1    | Bought a scroll of teleportation for 57 gold pieces
 51506 | Elf:1    | Bought a scroll of blinking for 142 gold pieces
 52429 | Elf:1    | Reached XP level 20. HP: 151/152 MP: 37/37
 52754 | Elf:1    | You add the spells Passage of Golubria and Yara's Violent
                  | Unravelling to your library.
 53119 | Elf:2    | Identified the orb of Fortification {light, Fly rElec
                  | Str+2}
 53148 | Elf:2    | You pick up a book of Chaos and begin reading...
 53148 | Elf:2    | You add the spells Conjure Ball Lightning, Disjunction and
                  | Discord to your library.
 53247 | Elf:2    | Reached skill level 15 in Short Blades
 53247 | Elf:2    | Reached skill level 15 in Dodging
 53648 | Elf:2    | Found Boqoxos's Neck Hole.
 53662 | Elf:2    | Bought an amulet of reflection for 420 gold pieces
 53960 | Elf:2    | Found a runed translucent gate.
 53960 | Elf:2    | Found a runed translucent gate.
 53960 | Elf:2    | Found a runed translucent gate.
 54047 | Elf:3    | Entered Level 3 of the Elven Halls
 54205 | Elf:3    | Paralysed by an air elemental for 1 turns
 54209 | Elf:3    | Paralysed by an air elemental for 1 turns
 54651 | Elf:3    | Reached skill level 15 in Invocations
 54864 | Elf:3    | Identified the +3 robe of the Dwarven Hall {^Contam Harm
                  | *Corrode Str+4 Int+3}
 54864 | Elf:3    | Noticed Boris
 54866 | Elf:3    | Killed Boris
 54916 | Elf:3    | Noticed Roxanne
 55123 | Elf:3    | Killed Roxanne
 55529 | Elf:3    | Found a shimmering blue altar of Sif Muna.
 55549 | Elf:3    | Noticed Zenata
 56154 | Elf:3    | Killed Zenata
 56367 | Elf:3    | You are cast into the Abyss!
 56367 | Abyss:2  | Found a corrupted altar of Lugonu.
 56367 | Abyss:2  | Cast into level 2 of the Abyss (a deep elf sorcerer)
 56381 | Abyss:2  | Found a corrupted altar of Lugonu.
 56457 | Abyss:2  | Reached skill level 14 in Long Blades
 56457 | Abyss:2  | Reached skill level 14 in Axes
 56457 | Abyss:2  | Reached skill level 14 in Maces & Flails
 56457 | Abyss:2  | Reached skill level 14 in Polearms
 56457 | Abyss:2  | Reached skill level 14 in Staves
 56457 | Abyss:2  | Reached skill level 14 in Ranged Weapons
 56457 | Abyss:2  | Reached skill level 14 in Armour
 56457 | Abyss:2  | Reached skill level 14 in Stealth
 56457 | Abyss:2  | Reached skill level 14 in Shields
 56457 | Abyss:2  | Reached skill level 14 in Unarmed Combat
 56457 | Abyss:2  | Reached skill level 14 in Spellcasting
 56457 | Abyss:2  | Reached skill level 14 in Evocations
 56484 | Abyss:2  | Found a corrupted altar of Lugonu.
 56645 | Abyss:2  | Noticed a hellephant
 56700 | Abyss:2  | Noticed a bone dragon
 56987 | Abyss:2  | Found a corrupted altar of Lugonu.
 57033 | Abyss:2  | Reached skill level 13 in Shapeshifting
 57141 | Abyss:2  | Reached skill level 12 in Conjurations
 57141 | Abyss:2  | Reached skill level 12 in Hexes
 57141 | Abyss:2  | Reached skill level 12 in Summonings
 57141 | Abyss:2  | Reached skill level 12 in Necromancy
 57141 | Abyss:2  | Reached skill level 12 in Translocations
 57141 | Abyss:2  | Reached skill level 12 in Fire Magic
 57141 | Abyss:2  | Reached skill level 12 in Ice Magic
 57141 | Abyss:2  | Reached skill level 12 in Air Magic
 57141 | Abyss:2  | Reached skill level 12 in Earth Magic
 57141 | Abyss:2  | Reached skill level 12 in Alchemy
 57144 | Abyss:2  | Noticed a bone dragon
 57259 | Elf:3    | You pass through the gate.
 57259 | Elf:3    | Escaped the Abyss
 57265 | Elf:3    | HP: 35/161 [deep elf sorcerer/bolt of acid (49)]
 57448 | Elf:3    | Upgraded the game from 0.32-a0-673-g3729bd50f8 to
                  | 0.32-a0-675-gdc239d62e1
 57448 | Elf:3    | magus.rc [v1.9.6]
 57733 | Elf:3    | You are cast into the Abyss!
 57733 | Abyss:3  | Cast into level 3 of the Abyss (a deep elf sorcerer)
 57757 | Abyss:3  | Found a corrupted altar of Lugonu.
 57805 | Abyss:3  | Reached XP level 21. HP: 167/167 MP: 39/39
 58028 | Abyss:3  | Gained mutation: You are weak. (Str -2) [a neqoxec]
 58047 | Abyss:3  | Found a corrupted altar of Lugonu.
 58047 | Abyss:3  | Gained mutation: You occasionally lose the ability to read
                  | scrolls when taking damage. [a neqoxec]
 58118 | Abyss:3  | Killed a bone dragon
 58153 | Abyss:3  | Reached skill level 15 in Fighting
 58153 | Abyss:3  | Reached skill level 15 in Throwing
 58235 | Elf:3    | You pass through the gate.
 58235 | Elf:3    | Escaped the Abyss
 58285 | Elf:3    | Identified the +1 leather armour of Polish {Int-2 Dex+4}
 58285 | Elf:3    | Identified the ring of Unwur Ajae {rPois rC+ rCorr Str+6
                  | Dex-5}
 59073 | Elf:3    | You pick up a book of Annihilations and begin reading...
 59073 | Elf:3    | You add the spells Chain Lightning, Fire Storm and Shatter
                  | to your library.
 59075 | Elf:3    | Got the Essays on Misery and Blows
 59079 | Elf:3    | Got Ynanapui's Codex of Portents
 59086 | Elf:3    | You pick up a book of the Moon and begin reading...
 59092 | Elf:3    | You pick up a book of Blasting and begin reading...
 59206 | Elf:3    | Got the Lessons on the Glacier
 59211 | Elf:3    | You pick up a book of Minor Magic and begin reading...
 59217 | Elf:3    | Got Rired's Collected Works on Inhalation
 59370 | Elf:3    | Identified the +0 plate armour of Orthodoxy {Dex+3}
 59649 | Vaults:1 | Entered Level 1 of the Vaults
 59895 | Vaults:1 | Identified the +2 robe of Farfalle {Int+5}
 59895 | Vaults:1 | Noticed Boris
 59949 | Vaults:1 | Killed Boris
 60070 | Vaults:1 | You pick up a book of Hexes and begin reading...
 60082 | Vaults:1 | Learned a level 5 spell: Arcjolt
 60165 | Vaults:1 | You fall into a shaft and drop 1 floor!
 60612 | Vaults:1 | HP: 32/168 [orc warlord/+2 war axe of flaming (17)]
 61036 | Vaults:1 | Found a large runed translucent door.
 61036 | Vaults:1 | Found a large runed translucent door.
 61036 | Vaults:1 | Found a large runed translucent door.
 61036 | Vaults:1 | Found a large runed translucent door.
 61036 | Vaults:1 | Found a large runed translucent door.
 61036 | Vaults:1 | Found a large runed translucent door.
 61036 | Vaults:1 | Found a large runed translucent door.
 61036 | Vaults:1 | Found a large runed translucent door.
 61036 | Vaults:1 | Noticed Yhagabbo's ghost (adept DrCj)
 61497 | Vaults:1 | Reached skill level 16 in Short Blades
 61497 | Vaults:1 | Reached skill level 16 in Dodging
 61499 | Vaults:1 | Reached skill level 16 in Invocations
 61808 | Vaults:2 | HP: 34/169 [vault warden/+4 battleaxe (32)]
 61828 | Vaults:2 | HP: 30/169 [vault warden/+4 battleaxe (19)]
 61833 | Vaults:2 | HP: 37/169 [vault warden/+4 battleaxe (12)]
 62491 | Vaults:2 | Reached XP level 22. HP: 176/176 MP: 40/40
 62495 | Vaults:2 | Identified the +10 shortbow of Athoupp {freeze, rPois
                  | Str+4}
 62549 | Vaults:2 | Found Kigit's Weapon Shop.
 62778 | Vaults:2 | Found a staircase to the Crypt.
 63104 | Vaults:2 | Reached skill level 15 in Long Blades
 63104 | Vaults:2 | Reached skill level 15 in Axes
 63104 | Vaults:2 | Reached skill level 15 in Maces & Flails
 63104 | Vaults:2 | Reached skill level 15 in Polearms
 63104 | Vaults:2 | Reached skill level 15 in Staves
 63104 | Vaults:2 | Reached skill level 15 in Ranged Weapons
 63104 | Vaults:2 | Reached skill level 15 in Armour
 63104 | Vaults:2 | Reached skill level 15 in Stealth
 63104 | Vaults:2 | Reached skill level 15 in Shields
 63104 | Vaults:2 | Reached skill level 15 in Unarmed Combat
 63104 | Vaults:2 | Reached skill level 15 in Spellcasting
 63104 | Vaults:2 | Reached skill level 15 in Evocations
 63145 | Vaults:2 | Identified the +1 storm dragon scales of Youthful
                  | Indiscretion {rElec rC+ rN+ Str-3}
 63219 | Vaults:2 | You pick up a book of Party Tricks and begin reading...
 63219 | Vaults:2 | You add the spells Jinxbite and Alistair's Intoxication to
                  | your library.
 63222 | Vaults:2 | a +0 dire flail {mace}; the +1 storm dragon scales of
                  | Youthful Indiscretion {rElec rC+ rN+ Str-3, rare}
 63222 | Vaults:2 | a +0 dire flail {mace}; the +1 storm dragon scales of
                  | Youthful Indiscretion {rElec rC+ rN+ Str-3, rare}
 63272 | Vaults:2 | a +0 dire flail {mace}; the +1 storm dragon scales of
                  | Youthful Indiscretion {rElec rC+ rN+ Str-3, rare}
 63284 | Vaults:2 | a +0 dire flail {mace}; the +1 storm dragon scales of
                  | Youthful Indiscretion {rElec rC+ rN+ Str-3, rare}
 63504 | Vaults:2 | Lost mutation: You are weak. (Str -2) [potion of mutation]
 63504 | Vaults:2 | Lost mutation: Your health recovers twice as slowly from
                  | being drained. [potion of mutation]
 63504 | Vaults:2 | Gained mutation: Your skin changes colour to match your
                  | surroundings (Stealth+). [potion of mutation]
 63504 | Vaults:2 | Gained mutation: Your natural rate of healing is unusually
                  | fast. [potion of mutation]
 63527 | Vaults:2 | You pick up a book of Decay {forbidden} and begin
                  | reading...
 63527 | Vaults:2 | You add the spells Cigotuvi's Dreadful Rot, Dispel Undead
                  | and Death Channel to your library.
 63709 | Vaults:2 | Lost mutation: Your natural rate of healing is unusually
                  | fast. [potion of mutation]
 63709 | Vaults:2 | Lost mutation: Your skin changes colour to match your
                  | surroundings (Stealth+). [potion of mutation]
 63709 | Vaults:2 | Gained mutation: You are strong-willed. (Will+) [potion of
                  | mutation]
 63709 | Vaults:2 | Gained mutation: You have hidden genetic potential. [potion
                  | of mutation]
 63710 | Vaults:2 | Lost mutation: You occasionally lose the ability to read
                  | scrolls when taking damage. [potion of mutation]
 63710 | Vaults:2 | Lost mutation: You have hidden genetic potential. [potion
                  | of mutation]
 63710 | Vaults:2 | Lost mutation: You are strong-willed. (Will+) [potion of
                  | mutation]
 63710 | Vaults:2 | Gained mutation: You sometimes lose your temper in combat.
                  | [potion of mutation]
 63710 | Vaults:2 | Gained mutation: You are somewhat resistant to further
                  | mutation. [potion of mutation]
 64003 | Vaults:3 | Identified the +2 robe of the Fife {rElec Will+ Slay+2}
 64003 | Vaults:3 | Noticed Boris
 64036 | Vaults:3 | Killed Boris
 64082 | Vaults:3 | Reached skill level 14 in Shapeshifting
 64961 | Vaults:3 | Reached skill level 13 in Conjurations
 64961 | Vaults:3 | Reached skill level 13 in Hexes
 64961 | Vaults:3 | Reached skill level 13 in Summonings
 64961 | Vaults:3 | Reached skill level 13 in Necromancy
 64961 | Vaults:3 | Reached skill level 13 in Translocations
 64961 | Vaults:3 | Reached skill level 13 in Fire Magic
 64961 | Vaults:3 | Reached skill level 13 in Ice Magic
 64961 | Vaults:3 | Reached skill level 13 in Air Magic
 64961 | Vaults:3 | Reached skill level 13 in Earth Magic
 64961 | Vaults:3 | Reached skill level 13 in Alchemy
 65169 | Vaults:3 | Upgraded the game from 0.32-a0-675-gdc239d62e1 to
                  | 0.32-a0-685-g93135e86f0
 65169 | Vaults:3 | magus.rc [v1.9.6]
 65699 | Vaults:3 | Reached skill level 16 in Fighting
 65699 | Vaults:3 | Reached skill level 16 in Throwing
 65713 | Vaults:3 | HP: 43/178 [ironbound frostheart (13)]
 65718 | Vaults:3 | HP: 38/178 [ironbound thunderhulk simulacrum (30)]
 65724 | Vaults:3 | HP: 44/178 [frost giant/bolt of cold (42)]
 65886 | Vaults:3 | You pick up a book of Power and begin reading...
 65886 | Vaults:3 | You add the spells Iskenderun's Battlesphere, Bombard and
                  | Spellforged Servitor to your library.
 65924 | Vaults:3 | Found Runoum's Magic Scroll Shop.
 65927 | Vaults:3 | Bought a scroll of enchant weapon for 127 gold pieces
 68159 | Vaults:4 | HP: 41/178 [war gargoyle/+0 flail[a peacekeeper] (45)]
 68170 | Vaults:4 | Reached XP level 23. HP: 97/184 MP: 5/42
 68321 | Vaults:4 | Learned a level 6 spell: Bombard
 68473 | Vaults:4 | Reached skill level 17 in Invocations
 69111 | Vaults:4 | Found Titesy's Weapon Boutique.
 69399 | Depths:1 | Entered Level 1 of the Depths
 69907 | Depths:1 | Found Tiog Sung's Book Boutique.
 69980 | Depths:1 | Found a magical portal.
 69985 | WizLab   | Entered Alistair's Party Mansion
 70282 | Depths:1 | Found an opulent altar of Gozag.
 70282 | Depths:1 | Found Gozag's Platinum Reserve.
 70313 | Depths:1 | Found Zek Vuto's Book Boutique.
 70516 | Depths:1 | Found Wuamn's Magic Scroll Shoppe.
 70534 | Depths:1 | Bought a scroll of teleportation for 45 gold pieces
 70534 | Depths:1 | Bought a scroll of teleportation for 45 gold pieces
 70597 | Depths:1 | Found a one-way gate leading to the halls of Pandemonium.
 70680 | Depths:1 | Reached skill level 17 in Short Blades
 70680 | Depths:1 | Reached skill level 17 in Dodging
 70703 | Depths:1 | Found a gateway to Hell.
 71060 | Depths:2 | Found Ebbeirr's General Store.
 71063 | Depths:2 | Bought a scroll of enchant weapon for 105 gold pieces
 71063 | Depths:2 | Bought a scroll of teleportation for 42 gold pieces
 71524 | Depths:2 | Identified the +4 robe "Ocinav" {rCorr MP-9 Archmagi}
 71524 | Depths:2 | Noticed Boris
 71528 | Depths:2 | HP: 44/185 [white very ugly thing (38)]
 71534 | Depths:2 | HP: 37/249 [??? (34)]
 71536 | Depths:2 | HP: 14/247 [??? (11)]
 72038 | Depths:2 | Killed Boris
 72104 | Depths:2 | Reached skill level 16 in Long Blades
 72104 | Depths:2 | Reached skill level 16 in Axes
 72104 | Depths:2 | Reached skill level 16 in Maces & Flails
 72104 | Depths:2 | Reached skill level 16 in Polearms
 72104 | Depths:2 | Reached skill level 16 in Staves
 72104 | Depths:2 | Reached skill level 16 in Ranged Weapons
 72104 | Depths:2 | Reached skill level 16 in Armour
 72104 | Depths:2 | Reached skill level 16 in Stealth
 72104 | Depths:2 | Reached skill level 16 in Shields
 72104 | Depths:2 | Reached skill level 16 in Unarmed Combat
 72104 | Depths:2 | Reached skill level 16 in Spellcasting
 72104 | Depths:2 | Reached skill level 16 in Evocations
 72623 | Depths:2 | Upgraded the game from 0.32-a0-685-g93135e86f0 to
                  | 0.32-a0-732-ga344392067
 72623 | Depths:2 | magus.rc [v1.9.6]
 72949 | Vaults:5 | Entered Level 5 of the Vaults
 73324 | Vaults:5 | Noticed a golden dragon
 73479 | Vaults:5 | You are cast into the Abyss!
 73479 | Abyss:3  | Cast into level 3 of the Abyss (a deep elf sorcerer)
 74052 | Abyss:3  | Reached skill level 15 in Shapeshifting
 74069 | Vaults:5 | You pass through the gate.
 74069 | Vaults:5 | Escaped the Abyss
 74075 | Vaults:5 | HP: 41/186 [acid (10)]
 74246 | Vaults:5 | Got the Spellbook of the Birds and Movement
 74285 | Vaults:5 | Reached XP level 24. HP: 193/193 MP: 43/43
 75128 | Vaults:5 | Reached skill level 17 in Fighting
 75128 | Vaults:5 | Reached skill level 17 in Throwing
 75162 | Vaults:5 | Reached skill level 14 in Conjurations
 75162 | Vaults:5 | Reached skill level 14 in Hexes
 75162 | Vaults:5 | Reached skill level 14 in Summonings
 75162 | Vaults:5 | Reached skill level 14 in Necromancy
 75162 | Vaults:5 | Reached skill level 14 in Translocations
 75162 | Vaults:5 | Reached skill level 14 in Fire Magic
 75162 | Vaults:5 | Reached skill level 14 in Ice Magic
 75162 | Vaults:5 | Reached skill level 14 in Air Magic
 75162 | Vaults:5 | Reached skill level 14 in Earth Magic
 75162 | Vaults:5 | Reached skill level 14 in Alchemy
 75302 | Vaults:5 | Noticed an ancient lich
 75303 | Vaults:5 | HP: 42/175 [acid (4)]
 75579 | Vaults:5 | HP: 44/182 [???[a deep elf demonologist] (42)]
 75580 | Vaults:5 | Identified +0 gold dragon scales
 75585 | Vaults:5 | HP: 46/185 [???[a deep elf demonologist] (44)]
 75590 | Vaults:5 | HP: 31/185 [???[a deep elf demonologist] (28)]
 75591 | Vaults:5 | HP: 13/185 [Ice Fiend[a deep elf demonologist] (44)]
 75839 | Vaults:5 | Reached skill level 18 in Invocations
 75929 | Vaults:5 | +0 shadow dragon scales {rare}; a shadow dragon corpse
 75943 | Vaults:5 | Noticed a dread lich
 75956 | Vaults:5 | Killed a dread lich
 76100 | Vaults:5 | +0 shadow dragon scales {rare}; a shadow dragon corpse
 76128 | Vaults:5 | +0 shadow dragon scales {rare}; a shadow dragon skeleton
 76349 | Vaults:5 | Killed an ancient lich
 76395 | Vaults:5 | Got a silver rune of Zot
 76534 | Vaults:5 | You are cast into the Abyss!
 76534 | Abyss:3  | Cast into level 3 of the Abyss (a deep elf sorcerer)
 76546 | Abyss:3  | Noticed a dread lich
 76571 | Abyss:3  | Paralysed by a dread lich for 2 turns
 76605 | Abyss:3  | Paralysed by a dread lich for 4 turns
 76616 | Abyss:3  | Killed a dread lich
 76912 | Abyss:3  | HP: 33/191 [tentacled starspawn (20)]
 76919 | Abyss:3  | HP: 27/195 [thrashing horror (3)]
 76930 | Abyss:3  | HP: 40/195 [thrashing horror (10)]
 77043 | Abyss:3  | Upgraded the game from 0.32-a0-732-ga344392067 to
                  | 0.32-a0-791-gfc315c9ecd
 77043 | Abyss:3  | magus.rc [v1.9.6]
 77084 | Abyss:3  | Reached skill level 17 in Shields
 77138 | Abyss:3  | Found a corrupted altar of Lugonu.
 77212 | Abyss:3  | Reached skill level 18 in Short Blades
 77212 | Abyss:3  | Reached skill level 18 in Dodging
 77217 | Vaults:5 | You pass through the gate.
 77217 | Vaults:5 | Escaped the Abyss
 77275 | Vaults:5 | You pick up a book of Unlife {forbidden} and begin
                  | reading...
 77275 | Vaults:5 | You add the spells Animate Dead and Borgnjor's Vile Clutch
                  | to your library.
 77290 | Vaults:5 | +0 shadow dragon scales {rare}; a shadow dragon skeleton
 77326 | Vaults:5 | +0 shadow dragon scales {rare}; a shadow dragon skeleton
 77488 | Vaults:5 | You pick up a book of Touch and begin reading...
 77488 | Vaults:5 | You add the spells Kiss of Death and Confusing Touch to
                  | your library.
 78617 | Depths:3 | Reached skill level 17 in Long Blades
 78617 | Depths:3 | Reached skill level 17 in Axes
 78617 | Depths:3 | Reached skill level 17 in Maces & Flails
 78617 | Depths:3 | Reached skill level 17 in Polearms
 78617 | Depths:3 | Reached skill level 17 in Staves
 78617 | Depths:3 | Reached skill level 17 in Ranged Weapons
 78617 | Depths:3 | Reached skill level 17 in Armour
 78617 | Depths:3 | Reached skill level 17 in Stealth
 78617 | Depths:3 | Reached skill level 17 in Unarmed Combat
 78617 | Depths:3 | Reached skill level 17 in Spellcasting
 78617 | Depths:3 | Reached skill level 17 in Evocations
 78624 | Depths:3 | Reached XP level 25. HP: 202/202 MP: 44/44
 78984 | Depths:3 | the Enchantress comes into view. She is wielding a +1 flail
                  | of distortion, wearing the +0 faerie dragon scales {rN+
                  | rCorr Int+2 Stlth-} and wearing a +1 buckler of reflection.
 78984 | Depths:3 | Noticed the Enchantress
 78994 | Depths:3 | You are cast into the Abyss!
 78994 | Abyss:3  | Cast into level 3 of the Abyss (the Enchantress)
 79018 | Abyss:3  | Found a corrupted altar of Lugonu.
 79060 | Abyss:3  | Paralysed by accursed screaming for 1 turns
 79235 | Abyss:3  | Found a corrupted altar of Lugonu.
 79382 | Abyss:3  | Noticed an ancient lich
 79397 | Abyss:3  | HP: 46/194 [hell knight/+4 great mace (18)]
 79400 | Abyss:3  | Found a corrupted altar of Lugonu.
 79630 | Depths:3 | You pass through the gate.
 79630 | Depths:3 | Escaped the Abyss
 79631 | Depths:3 | HP: 46/200 [the Enchantress/+1 flail of distortion (5)]
 79636 | Depths:3 | HP: 43/201 [spriggan defender/+3 flail of draining[the
                  | Enchantress] (17)]
 79643 | Depths:3 | Aim: the Enchantress, wielding a +1 flail of distortion,
                  | wearing the +0 faerie dragon scales {rN+ rCorr Int+2
                  | Stlth-} and wearing a +1 buckler of reflection (severely
                  | wounded, repelling missiles, reflecting blocked
                  | projectiles, haloed, 17% to hit)
 79643 | Depths:3 | Aim: the Enchantress, wielding a +1 flail of distortion,
                  | wearing the +0 faerie dragon scales {rN+ rCorr Int+2
                  | Stlth-} and wearing a +1 buckler of reflection (severely
                  | wounded, repelling missiles, reflecting blocked
                  | projectiles, haloed, 17% to hit)
 79644 | Depths:3 | Aim: the Enchantress, wielding a +1 flail of distortion,
                  | wearing the +0 faerie dragon scales {rN+ rCorr Int+2
                  | Stlth-} and wearing a +1 buckler of reflection (almost
                  | dead, repelling missiles, reflecting blocked projectiles,
                  | haloed, 17% to hit)
 79644 | Depths:3 | Aim: the Enchantress, wielding a +1 flail of distortion,
                  | wearing the +0 faerie dragon scales {rN+ rCorr Int+2
                  | Stlth-} and wearing a +1 buckler of reflection (almost
                  | dead, repelling missiles, reflecting blocked projectiles,
                  | haloed, 17% to hit)
 79644 | Depths:3 | HP: 45/197 [stone giant/large rock (22)]
 79648 | Depths:3 | Killed the Enchantress
 79893 | Depths:3 | Noticed Mennas
 79920 | Depths:3 | Identified +0 gold dragon scales
 79922 | Depths:3 | +0 gold dragon scales {rare}; a golden dragon corpse
 80195 | Depths:3 | Noticed Mara
 80207 | Depths:3 | Killed Mara
 80329 | Depths:3 | Reached skill level 16 in Shapeshifting
 80375 | Depths:3 | Identified the +6 morningstar "Sicaox" {flame, ^Drain rElec
                  | rPois rF- Str+3}
 80882 | Depths:4 | Entered Level 4 of the Depths
 80917 | Depths:4 | Reached skill level 18 in Shields
 81204 | Depths:4 | Identified +0 gold dragon scales
 81205 | Depths:4 | Reached skill level 18 in Fighting
 81205 | Depths:4 | Reached skill level 18 in Throwing
 81208 | Depths:4 | HP: 50/204 [storm dragon/bolt of lightning (14)]
 81212 | Depths:4 | HP: 16/196 [shadow dragon/bolt of negative energy (25)]
 81216 | Depths:4 | Upgraded the game from 0.32-a0-791-gfc315c9ecd to
                  | 0.32-a0-814-g0968bab981
 81216 | Depths:4 | magus.rc [v1.9.6]
 81256 | Depths:4 | Found a gate to the Realm of Zot.
 81331 | Depths:4 | Found a one-way gateway to a ziggurat.
 81409 | Depths:4 | Found a flickering gateway to a bazaar.
 81423 | Bazaar   | Entered a bazaar
 81427 | Bazaar   | Found Ybezeded's General Store.
 81445 | Bazaar   | Found Mudanej's Antique Weapon Emporium.
 81456 | Bazaar   | Found Polo's General Store.
 81461 | Bazaar   | Bought a scroll of teleportation for 36 gold pieces
 81461 | Bazaar   | Bought a scroll of fear for 48 gold pieces
 81493 | Bazaar   | Found Isuhasso's General Store.
 81537 | Bazaar   | Bought a wand of warping (3) for 72 gold pieces
 81537 | Bazaar   | Bought a wand of warping (5) for 120 gold pieces
 81576 | Bazaar   | Bought a potion of brilliance for 48 gold pieces
 81603 | Bazaar   | Bought a wand of quicksilver (8) for 504 gold pieces
 81979 | Depths:4 | Reached skill level 19 in Invocations
 82523 | Depths:4 | Reached skill level 15 in Conjurations
 82523 | Depths:4 | Reached skill level 15 in Hexes
 82523 | Depths:4 | Reached skill level 15 in Summonings
 82523 | Depths:4 | Reached skill level 15 in Necromancy
 82523 | Depths:4 | Reached skill level 15 in Translocations
 82523 | Depths:4 | Reached skill level 15 in Fire Magic
 82523 | Depths:4 | Reached skill level 15 in Ice Magic
 82523 | Depths:4 | Reached skill level 15 in Air Magic
 82523 | Depths:4 | Reached skill level 15 in Earth Magic
 82523 | Depths:4 | Reached skill level 15 in Alchemy
 82757 | Depths:4 | Learned a level 6 spell: Dispersal
 83047 | Crypt:1  | Entered Level 1 of the Crypt
 83215 | Crypt:1  | You pick up a book of Conjurations {@e2} and begin
                  | reading...
 83264 | Crypt:1  | Noticed Donald
 83288 | Crypt:1  | Killed Donald
 83598 | D:6      | Fell from the grace of Elyvilon
 83598 | D:6      | Became a worshipper of the Shining One
 83598 | D:6      | Reached * piety under the Shining One
 83598 | D:6      | Reached ** piety under the Shining One
 83934 | Crypt:1  | Paralysed by a sphinx for 4 turns
 84009 | Crypt:1  | Identified the ring "Agalut" {Ice rElec Str+2}
 84009 | Crypt:1  | Noticed Josephina
 84015 | Crypt:1  | Reached XP level 26. HP: 211/211 MP: 44/44
 84037 | Crypt:1  | Killed Josephina
 84309 | Crypt:1  | Reached *** piety under the Shining One
 84504 | Crypt:1  | a mummy priest comes into view. It is wearing the amulet of
                  | Vitality {Regen++ RegenMP++}.
 84509 | Crypt:1  | Aim: a mummy priest, wearing the amulet of Vitality
                  | {Regen++ RegenMP++} (severely damaged, haloed, 87% to hit)
 84509 | Crypt:1  | Aim: a mummy priest, wearing the amulet of Vitality
                  | {Regen++ RegenMP++} (severely damaged, haloed, 87% to hit)
 84510 | Crypt:1  | Aim: a mummy priest, wearing the amulet of Vitality
                  | {Regen++ RegenMP++} (almost destroyed, haloed, 87% to hit)
 84510 | Crypt:1  | Aim: a mummy priest, wearing the amulet of Vitality
                  | {Regen++ RegenMP++} (almost destroyed, haloed, 87% to hit)
 84751 | Crypt:1  | Noticed Khufu
 84774 | Crypt:1  | Killed Khufu
 84977 | Crypt:1  | You pick up a book of Cantrips and begin reading...
 85041 | Crypt:1  | Reached **** piety under the Shining One
 85453 | Crypt:2  | Found a runed translucent gate.
 85463 | Crypt:2  | Found a runed translucent gate.
 85464 | Crypt:2  | Found a runed translucent gate.
 85472 | Crypt:2  | Found an opulent altar of Gozag.
 85474 | Crypt:2  | Reached ***** piety under the Shining One
 85475 | Crypt:2  | Found Zoely's Assorted Antiques.
 85475 | Crypt:2  | Noticed Neghedd's ghost (veteran GrEE)
 85943 | Crypt:2  | You pick up a book of Burglary and begin reading...
 85943 | Crypt:2  | You add the spells Ensorcelled Hibernation and Passwall to
                  | your library.
 85980 | Crypt:2  | Reached skill level 19 in Shields
 86095 | Crypt:2  | Reached ****** piety under the Shining One
 86452 | Crypt:3  | Entered Level 3 of the Crypt
 86492 | Crypt:3  | Identified the +5 hand axe of the Endless March {spect, rF-
                  | Dex+4 Stlth+}
 86528 | Crypt:3  | Noticed Grunn
 86547 | Crypt:3  | Reached skill level 18 in Long Blades
 86547 | Crypt:3  | Reached skill level 18 in Axes
 86547 | Crypt:3  | Reached skill level 18 in Maces & Flails
 86547 | Crypt:3  | Reached skill level 18 in Polearms
 86547 | Crypt:3  | Reached skill level 18 in Staves
 86547 | Crypt:3  | Reached skill level 18 in Ranged Weapons
 86547 | Crypt:3  | Reached skill level 18 in Armour
 86547 | Crypt:3  | Reached skill level 18 in Stealth
 86547 | Crypt:3  | Reached skill level 18 in Unarmed Combat
 86547 | Crypt:3  | Reached skill level 18 in Spellcasting
 86547 | Crypt:3  | Reached skill level 18 in Evocations
 86568 | Crypt:3  | Killed Grunn
 86573 | Crypt:3  | Reached skill level 19 in Short Blades
 86573 | Crypt:3  | Reached skill level 19 in Dodging
 87278 | Spider:1 | Killed DeathSocks's ghost
 87296 | Spider:1 | Identified the +0 plate armour of Instinct {rElec Regen+
                  | Dex+3}
 87682 | Crypt:2  | Killed Neghedd's ghost
 87740 | Crypt:2  | Bought a scroll of blinking for 157 gold pieces
 87740 | Crypt:2  | Bought a masterwork helmet for 199 gold pieces
 87740 | Crypt:2  | Identified the +2 helmet of the Pleiades {rF+} (You bought
                  | it in a shop on level 2 of the Crypt)
 87928 | Crypt:3  | Noticed a curse skull
 87937 | Crypt:3  | Killed a curse skull
 88259 | Crypt:3  | Found a staircase to the Tomb.
 88319 | Crypt:3  | Noticed a curse skull
 88329 | Crypt:3  | Killed a curse skull
 88583 | Crypt:3  | Noticed a curse toe
 88592 | Crypt:3  | Killed a curse toe
 89321 | Crypt:3  | Noticed an ancient lich
 89335 | Crypt:3  | Killed an ancient lich
 89363 | Crypt:3  | Found the +5 scythe "Finisher" {speed, execute}
 89492 | Crypt:3  | Identified the ring "Jecviq" {Wiz rCorr Str+2 Stlth-}
 89496 | Crypt:3  | You pick up a book of Party Tricks and begin reading...
 89597 | Crypt:3  | Upgraded the game from 0.32-a0-814-g0968bab981 to
                  | 0.32-a0-818-gb728d0252e
 89597 | Crypt:3  | magus.rc [v1.9.6]
 89946 | Lair:5   | Killed jestert79's ghost
 90274 | Vaults:1 | Killed Yhagabbo's ghost
 90623 | Swamp:1  | Reached XP level 27. HP: 119/220 MP: 45/45
 90629 | Swamp:1  | Reached skill level 17 in Shapeshifting
 90631 | Swamp:1  | HP: 53/220 [spriggan berserker/+0 quarterstaff (19)]
 90650 | Swamp:1  | Identified the amulet of Caffeoth {Acrobat Fly Regen+ Int-3
                  | Slay+2}
 90688 | Swamp:1  | You pick up a book of Air and begin reading...
 90902 | Spider:3 | Learned a level 6 spell: Starburst
 91013 | Slime:1  | Entered Level 1 of the Pits of Slime
 91028 | Slime:1  | Reached skill level 19 in Fighting
 91035 | Slime:1  | HP: 10/221 [rockslime (46)]
 91036 | Slime:1  | HP: 2/221 [acid blob/splash of acid (16)]
 91036 | Slime:1  | Mangled by an azure jelly

Vanquished Creatures
  Mara (Depths:3)
  2 ancient liches
  Khufu (Crypt:1)
  2 dread liches
  Josephina (Crypt:1)
  Boris (4 times) (Elf:3 Vaults:1 Vaults:3 Depths:2)
  Saint Roka (Orc:2)
  A curse toe (Crypt:3)
  6 golden dragons
  The ghost of Neghedd the Devastator, a veteran GrEE of Lugonu (Crypt:2)
  the Enchantress (Depths:3)
  5 bone dragons (Abyss:3)
  The ghost of Yhagabbo the Devastator, an adept DrCj of Sif Muna (Vaults:1)
  3 doom hounds (Crypt:3)
  Zenata (Elf:3)
  6 tentacled monstrosities
  7 liches
  2 shard shrike skeletons
  2 deep elf blademasters (Elf:3)
  Grunn (Crypt:3)
  3 titans (Vaults:5)
  A walking divine tome (Depths:3)
  2 Executioners (Abyss:3)
  2 quicksilver dragons
  7 tentacled starspawn
  An acid blob (Slime:1)
  2 deep elf master archers (Elf:3)
  6 ancient champions
  8 sphinxes
  5 shadow dragons (Vaults:5)
  4 thorn hunters
  Donald (Crypt:1)
  Roxanne (Elf:3)
  Aizul (Swamp:1)
  A daeva (Abyss:3)
  2 storm dragons
  A fenstrider witch (Swamp:3)
  5 revenants
  4 fire giants
  The ghost of jestert79 the Warrior, a journeyman CoAr of Okawaru (Lair:5)
  A balrug (Abyss:3)
  The ghost of DeathSocks the Marksdemonspawn, an adept DsHs of Hepliaklqana (Spider:1)
  3 emperor scorpions
  A draconian scorcher (Depths:4)
  12 vault wardens
  An iron dragon (Depths:2)
  6 frost giants
  An angel (Depths:3)
  10 ghouls
  3 ghost moths
  Louise (Spider:3)
  2 reapers
  2 orc warlords
  10 deep elf sorcerers
  2 curse skulls (Crypt:3)
  4 caustic shrike skeletons (Crypt:3)
  23 very ugly things
  A draconian annihilator (Depths:4)
  A juggernaut skeleton (Crypt:3)
  14 ironbound preservers
  2 formless jellyfish (Slime:1)
  11 stone giants
  9 deep elf death magi
  7 vampire knights
  3 spriggan defenders (Depths:3)
  2 eleionomae
  A black draconian (Depths:4)
  4 green draconians (Depths:4)
  6 ironbound thunderhulks
  8 deep elf demonologists
  A lorocyproca (Abyss:2)
  4 war gargoyles
  6 deep elf annihilators
  2 purple draconians (Depths:4)
  23 starcursed masses
  13 spark wasps
  3 bunyips
  7 dire elephants
  A crystal guardian (Vaults:4)
  10 eidola
  2 blizzard demons
  2 green deaths (Abyss:3)
  A merfolk impaler (Depths:3)
  5 fire dragons
  16 ettins
  3 mummy priests (Crypt:1)
  4 deep elf high priests
  6 jiangshi
  5 entropy weavers
  4 ice dragons
  4 great orbs of eyes
  17 yaktaur captains
  A spriggan zombie (Abyss:3)
  2 quicksilver dragon skeletons (Crypt:3)
  2 shambling mangroves
  27 vault guards
  Erolcha (D:9)
  2 peacekeepers (Vaults:4)
  21 hydras
  A spriggan skeleton (Crypt:3)
  A jorogumo (Spider:2)
  10 rakshasas
  A catoblepas (D:13)
  9 ogre magi
  2 ghost crabs
  21 centaur warriors
  6 spriggan air magi
  10 alligators
  2 radroaches
  9 ironbound frosthearts
  2 death knights
  5 boulder beetles
  12 death yaks
  4 tengu warriors
  2 two-headed ogres (shapeshifter)
  17 dancing weapons
  28 two-headed ogres
  4 demonic crawlers
  A fenstrider witch skeleton (Crypt:3)
  3 occultists
  7 spriggan berserkers
  8 deep troll shamans
  3 hell hogs
  6 vampire magi
  A bennu skeleton (Crypt:2)
  12 deep troll earth magi
  13 thrashing horrors
  A torpor snail (shapeshifter) (Vaults:4)
  A spectral emperor scorpion (Spider:1)
  3 wretched stars (Abyss:3)
  A sun demon (Depths:2)
  12 deep elf knights
  4 titan skeletons (Crypt:3)
  9 iron trolls
  3 soul eaters
  10 hell knights
  A spectral ghost moth (Spider:1)
  23 skeletal warriors
  A storm dragon skeleton (Crypt:3)
  A golden dragon zombie (Crypt:3)
  2 skysharks
  4 pharaoh ants
  4 shadow wraiths
  A sixfirhy (Abyss:3)
  A goliath frog (Swamp:3)
  A glowing orange brain (Vaults:3)
  A shadow demon (Depths:4)
  A spark wasp zombie (Crypt:2)
  21 deep elf archers
  44 deep trolls
  6 arcanists
  9 phantasmal warriors
  10 bog bodies
  A sea snake (Lair:2)
  A mana viper (Abyss:3)
  13 orb spiders
  2 spriggan druids
  3 bunyip skeletons
  13 swamp dragons
  5 thermic dynamos
  2 sun moths
  4 flayed ghosts
  A steelbarb worm (shapeshifter) (Depths:2)
  24 ironbound convokers
  31 deep elf pyromancers
  3 mana vipers (shapeshifter)
  10 orc knights
  5 lindwurms
  3 obsidian statues
  3 steelbarb worms
  A faun (shapeshifter) (Vaults:5)
  An oklob plant (Lair:3)
  15 wolf spiders
  4 necromancers
  A stone giant zombie (Vaults:1)
  29 deep elf zephyrmancers
  A goliath frog zombie (Crypt:2)
  A shadow dragon skeleton (Crypt:3)
  An orc sorcerer (Orc:2)
  A fire giant zombie (Vaults:2)
  4 worldbinders
  45 ugly things
  5 moths of wrath
  3 salamanders (Depths:2)
  A moth of wrath (shapeshifter) (Vaults:5)
  20 elephants
  3 manticores
  3 cyclopes
  4 will-o-the-wisps
  Maurice (D:11)
  A frost giant skeleton (Vaults:2)
  2 kobold blastminers (Orc:2)
  An alligator skeleton (Crypt:3)
  5 meliai
  64 slime creatures
  An iron dragon skeleton (Crypt:3)
  An apocalypse crab (Abyss:2)
  2 orange demons
  17 vault sentinels
  7 smoke demons
  A water nymph (shapeshifter) (Vaults:5)
  3 black mambas
  A torpor snail (Spider:2)
  An emperor scorpion simulacrum (Spider:1)
  12 cane toads
  An eye of devastation (Abyss:3)
  21 large abominations
  2 gargoyles (D:13)
  Maggie (D:8)
  A kobold demonologist (D:14)
  2 centaur skeletons
  An elephant slug zombie (Crypt:3)
  11 freezing wraiths
  A hellion (Depths:2)
  A steelbarb worm zombie (Crypt:2)
  A mana viper skeleton (Crypt:3)
  7 komodo dragons
  An unseen horror (Abyss:3)
  3 efreet (Abyss:3)
  A black draconian zombie (Crypt:1)
  2 rime drakes
  2 dire elephant skeletons
  20 yaktaurs
  A bunyip simulacrum (Crypt:1)
  5 ancient zymes
  9 guardian mummies
  4 tengu conjurers
  A pale draconian skeleton (Crypt:2)
  2 ghost moth simulacra (Spider:1)
  A polar bear (Lair:4)
  4 tyrant leeches
  A merfolk (shapeshifter) (Vaults:1)
  14 trolls
  A troll (shapeshifter) (D:13)
  19 tarantellas
  20 hornets
  A tengu simulacrum (Vaults:1)
  28 blink frogs
  Grinder (D:3)
  12 raiju
  A tarantella zombie (Crypt:1)
  2 harpy skeletons (Crypt:3)
  An alligator simulacrum (Crypt:1)
  2 dream sheep (Lair:4)
  A spectral elephant (Lair:5)
  An ettin zombie (Vaults:2)
  A hydra skeleton (Crypt:3)
  A dream sheep (shapeshifter) (D:15)
  A black mamba zombie (Crypt:3)
  A centaur simulacrum (Crypt:1)
  17 spriggans
  14 jumping spiders
  A jumping spider (shapeshifter) (Vaults:5)
  2 shadows
  15 culicivoras
  2 ettin skeletons (Crypt:3)
  12 wraiths
  58 yaks
  2 air elementals
  5 water elementals
  A yak (shapeshifter) (Lair:5)
  2 vampires (Abyss:3)
  4 ynoxinuls
  Eustachio (D:5)
  A blink frog (shapeshifter) (Vaults:2)
  5 golden eyes
  2 wyverns
  6 fire elementals
  3 steam dragons
  2 neqoxecs
  5 basilisks
  57 redbacks
  2 wargs
  3 death yak simulacra (Lair:5)
  An ogre zombie (Vaults:1)
  Menkaure (D:5)
  A harpy simulacrum (Crypt:1)
  2 chaos spawn (Abyss:3)
  9 swamp worms
  19 vampire mosquitoes
  A two-headed ogre zombie (Crypt:1)
  14 small abominations
  An acid dragon (D:10)
  A water nymph zombie (Crypt:2)
  3 hell hounds (Abyss:3)
  A faun skeleton (Crypt:2)
  An ice beast (D:6)
  11 water moccasins
  An elephant zombie (Lair:5)
  An ettin simulacrum (Vaults:1)
  9 laughing skulls
  6 swamp drakes
  14 orc warriors
  3 sky beasts
  2 black bears
  36 ogres
  9 wolves
  8 centaurs
  8 boggarts
  An elephant skeleton (Lair:5)
  A blink frog skeleton (Crypt:1)
  7 kobold brigands
  A hog skeleton (Crypt:1)
  2 brain worms
  5 weeping skulls (Abyss:3)
  13 bullfrogs
  An entropy weaver simulacrum (Spider:1)
  5 gnoll sergeants
  3 earth elementals
  A scorpion (D:4)
  32 wights
  A water moccasin zombie (D:4)
  17 killer bees
  4 howler monkeys
  3 electric eels
  3 lava snakes (D:15)
  2 bombardier beetles (D:5)
  2 quasits
  A bullfrog zombie (D:4)
  A human zombie (D:4)
  3 jellies
  16 orc priests
  A bombardier beetle (shapeshifter) (D:15)
  4 hounds
  An iron imp (Abyss:2)
  A human skeleton (Crypt:3)
  A sleepcap (D:8)
  Terence (D:2)
  13 orc wizards
  4 scorpion zombies
  An iguana (D:6)
  A killer bee zombie (Crypt:3)
  A tengu skeleton (Crypt:1)
  A hound skeleton (Crypt:3)
  A mummy (Crypt:1)
  26 gnolls
  5 adders
  8 shadow imps
  6 white imps
  8 ufetubi
  2 adder skeletons
  3 adder zombies (D:4)
  3 dart slugs
  A ribbon worm (D:3)
  55 orcs
  6 ball pythons
  3 bats
  5 endoplasms
  4 giant cockroaches
  7 goblins
  5 hobgoblins
  7 jackals (D:1)
  31 kobolds
  4 quokkas
  5 frilled lizards
  A quokka zombie (D:4)
  6 rats
  A river rat skeleton (Crypt:1)
  2 lurking horrors (Abyss:3)
  2 starspawn tentacles
2178 creatures vanquished.

Vanquished Creatures (collateral kills)
  A sphinx (Crypt:1)
  An orc warlord (Vaults:1)
  2 vault guards (Vaults:4)
  A death knight (Crypt:2)
  A dancing weapon (Elf:1)
  A two-headed ogre (Orc:1)
  A demonic crawler (Spider:1)
  A large abomination (Abyss:3)
  An orb spider (Spider:3)
  2 deep elf archers
  2 deep elf pyromancers
  An orc knight (Vaults:3)
  A harpy (Vaults:5)
  2 deep elf zephyrmancers
  A meliai (Spider:3)
  3 freezing wraiths
  4 dream sheep (Lair:4)
  A jumping spider (Spider:2)
  A water elemental (Elf:2)
  A wraith (D:15)
  2 slime creatures (Vaults:1)
  A neqoxec (Abyss:3)
  An ogre (Orc:1)
  An orc (Orc:1)
34 creatures vanquished.

Vanquished Creatures (others)
  A dire elephant (Vaults:1)
  2 deep elf knights
  2 deep elf pyromancers (Elf:3)
  A deep elf zephyrmancer (Elf:2)
  3 bloated husks
  An air elemental (Elf:3)
  A slime creature (Vaults:1)
  5 golden eyes (Abyss:3)
  3 redbacks (Spider:2)
  A warg (Orc:2)
  A black bear (D:6)
  4 small abominations
  3 ufetubi
  2 kobold zombies (Sewer)
  22 foxfires
  A lurking horror (Abyss:3)
  6 snaplasher vines
  133 spectral weapons
  32 starspawn tentacles
224 creatures vanquished.

Grand Total: 2436 creatures vanquished

Table legend:
 A = Non-vault XP
 B = Vault XP
 C = Vault XP percentage of total XP
 D = Non-vault monster count
 E = Vault monster count
 F = Vault count percentage of total count
                 A         B        C        D         E       F
            +---------+---------+-------+---------+---------+-------
      Total |  698794 |  500089 |  41.7 |    1502 |     718 |  32.3
            +---------+---------+-------+---------+---------+-------
        D:1 |      55 |       0 |   0.0 |      29 |       0 |   0.0
        D:2 |      65 |      36 |  35.6 |      17 |       1 |   5.6
        D:3 |     258 |     280 |  52.0 |      29 |       5 |  14.7
        D:4 |     311 |     339 |  52.2 |      16 |      15 |  48.4
        D:5 |     589 |     368 |  38.5 |      19 |       2 |   9.5
        D:6 |    1072 |       0 |   0.0 |      22 |       0 |   0.0
        D:7 |    1158 |       0 |   0.0 |      18 |       0 |   0.0
        D:8 |    3295 |     395 |  10.7 |      27 |       1 |   3.6
        D:9 |    2354 |     871 |  27.0 |      25 |       1 |   3.8
       D:10 |    4170 |       0 |   0.0 |      11 |       0 |   0.0
       D:11 |    3202 |    2354 |  42.4 |      20 |      10 |  33.3
       D:12 |    8675 |    1236 |  12.5 |      23 |      18 |  43.9
       D:13 |    4344 |     234 |   5.1 |      11 |       1 |   8.3
       D:14 |   12503 |       0 |   0.0 |      36 |       0 |   0.0
       D:15 |   22615 |    7554 |  25.0 |      45 |      14 |  23.7
     Lair:1 |    5292 |       0 |   0.0 |      16 |       0 |   0.0
     Lair:2 |    5364 |     855 |  13.7 |      19 |       3 |  13.6
     Lair:3 |   14799 |    2325 |  13.6 |      51 |       3 |   5.6
     Lair:4 |   12309 |    2962 |  19.4 |      35 |      10 |  22.2
     Lair:5 |   15309 |    5969 |  28.1 |      45 |      16 |  26.2
    Swamp:1 |    8731 |   13569 |  60.8 |      17 |      10 |  37.0
    Swamp:2 |    9829 |       0 |   0.0 |      27 |       0 |   0.0
    Swamp:3 |   14799 |       0 |   0.0 |      20 |       0 |   0.0
    Swamp:4 |    9839 |   19625 |  66.6 |      14 |      31 |  68.9
   Spider:1 |   19305 |    5171 |  21.1 |      62 |      14 |  18.4
   Spider:2 |   12890 |    2485 |  16.2 |      36 |       4 |  10.0
   Spider:3 |   10242 |    4566 |  30.8 |      20 |       6 |  23.1
   Spider:4 |    5221 |   18785 |  78.3 |      11 |      40 |  78.4
    Slime:1 |    4076 |       0 |   0.0 |       5 |       0 |   0.0
      Orc:1 |    4179 |     309 |   6.9 |      15 |       4 |  21.1
      Orc:2 |    5579 |   19105 |  77.4 |      29 |      46 |  61.3
      Elf:1 |   18516 |   10625 |  36.5 |      30 |      16 |  34.8
      Elf:2 |   23496 |    1658 |   6.6 |      38 |       2 |   5.0
      Elf:3 |   28784 |   32027 |  52.7 |      49 |      25 |  33.8
   Vaults:1 |   19744 |   23996 |  54.9 |      34 |      36 |  51.4
   Vaults:2 |   22981 |   24662 |  51.8 |      43 |      31 |  41.9
   Vaults:3 |   33873 |   29915 |  46.9 |      46 |      35 |  43.2
   Vaults:4 |   22884 |   29061 |  55.9 |      32 |      40 |  55.6
   Vaults:5 |   24241 |   85137 |  77.8 |      26 |      79 |  75.2
    Crypt:1 |   23327 |   20734 |  47.1 |      34 |      21 |  38.2
    Crypt:2 |   28411 |   11194 |  28.3 |      42 |      10 |  19.2
    Crypt:3 |    9773 |   58482 |  85.7 |      18 |      71 |  79.8
   Depths:1 |   20440 |       0 |   0.0 |      23 |       0 |   0.0
   Depths:2 |   30583 |    7413 |  19.5 |      38 |      12 |  24.0
   Depths:3 |   27261 |   27084 |  49.8 |      33 |      24 |  42.1
   Depths:4 |   29286 |   20603 |  41.3 |      35 |      19 |  35.2
    Abyss:2 |   19187 |       0 |   0.0 |      45 |       0 |   0.0
    Abyss:3 |   93578 |    2510 |   2.6 |     166 |       3 |   1.8
      Sewer |       0 |     329 | 100.0 |       0 |      24 | 100.0
     Bailey |       0 |    2469 | 100.0 |       0 |      11 | 100.0
     WizLab |       0 |    2797 | 100.0 |       0 |       4 | 100.0
            +---------+---------+-------+---------+---------+-------

Skill      XL: |  1  2  3  4  5  6  7  8  9 10 11 12 13 14 15 16 17 18 19 20 21 22 23 24 25 26 27 |
---------------+----------------------------------------------------------------------------------+-----
Invocations    | 1 2 3 4 5 6 7 8 10 11 12 13 14 15 16 17 18 19 | 19.9
Long Blades    | 1 2 3 5 6 7 8 9 10 11 12 13 14 15 16 17 18 | 18.4
Axes           | 1 2 3 5 6 7 8 9 10 11 12 13 14 15 16 17 18 | 18.4
Maces & Flails | 1 2 3 5 6 7 8 9 10 11 12 13 14 15 16 17 18 | 18.4
Polearms       | 1 2 3 5 6 7 8 9 10 11 12 13 14 15 16 17 18 | 18.4
Staves         | 1 2 3 5 6 7 8 9 10 11 12 13 14 15 16 17 18 | 18.4
Ranged Weapons | 1 2 3 5 6 7 8 9 10 11 12 13 14 15 16 17 18 | 18.4
Armour         | 1 2 3 5 6 7 8 9 10 11 12 13 14 15 16 17 18 | 18.4
Stealth        | 1 2 3 5 6 7 8 9 10 11 12 13 14 15 16 17 18 | 18.4
Shields        | 1 2 3 5 6 7 8 9 10 11 12 13 14 15 16 17 18 19 | 19.9
Unarmed Combat | 1 2 3 5 6 7 8 9 10 11 12 13 14 15 16 17 18 | 18.4
Spellcasting   | 1 2 3 5 6 7 8 9 10 11 12 13 14 15 16 17 18 | 18.4
Evocations     | 1 2 3 5 6 7 8 9 10 11 12 13 14 15 16 17 18 | 18.4
Shapeshifting  | 1 2 3 4 5 6 7 8 9 10 11 12 13 14 15 16 17 | 17.0
Conjurations   | 1 2 3 4 5 6 7 8 9 10 11 12 13 14 15 | 15.7
Hexes          | 1 2 3 4 5 6 7 8 9 10 11 12 13 14 15 | 15.7
Summonings     | 1 2 3 4 5 6 7 8 9 10 11 12 13 14 15 | 15.7
Necromancy     | 1 2 3 4 5 6 7 8 9 10 11 12 13 14 15 | 15.7
Translocations | 1 2 3 4 5 6 7 8 9 10 11 12 13 14 15 | 15.7
Fire Magic     | 1 2 3 4 5 6 7 8 9 10 11 12 13 14 15 | 15.7
Ice Magic      | 1 2 3 4 5 6 7 8 9 10 11 12 13 14 15 | 15.7
Air Magic      | 1 2 3 4 5 6 7 8 9 10 11 12 13 14 15 | 15.7
Earth Magic    | 1 2 3 4 5 6 7 8 9 10 11 12 13 14 15 | 15.7
Alchemy        | 1 2 3 4 5 6 7 8 9 10 11 12 13 14 15 | 15.7
Fighting       | 5 6 7 8 9 10 11 12 13 14 15 16 17 18 19 | 19.0
Throwing       | 5 6 7 8 9 10 11 12 13 14 15 16 17 18 | 18.9
Short Blades   | 7 8 9 10 11 12 13 14 15 16 17 18 19 | 19.3
Dodging        | 7 8 9 10 11 12 13 14 15 16 17 18 19 | 19.3

Action                     |  1- 3 |  4- 6 |  7- 9 | 10-12 | 13-15 | 16-18 | 19-21 | 22-24 | 25-27 || total
---------------------------+-------+-------+-------+-------+-------+-------+-------+-------+-------++-------
  Melee: Rapier            |    87 |       |   170 |   548 |  1890 |  1752 |  2542 |  2338 |   507 ||  9834
         Bite              |    14 |    28 |    82 |    86 |   366 |   302 |   545 |   668 |   435 ||  2526
         Dagger            |    86 |   242 |   517 |       |       |       |       |       |       ||   845
         Short sword       |       |       |       |   177 |    16 |       |       |       |       ||   193
         Whip              |       |       |       |    18 |       |       |       |       |       ||    18
         Flail             |       |       |       |     9 |       |       |       |       |       ||     9
         Unarmed           |       |       |       |    15 |       |       |       |       |       ||    15
         Double sword      |       |       |       |       |       |       |       |   488 |  1053 ||  1541
         Long sword        |       |       |       |       |       |       |       |     1 |    32 ||    33
         Broad axe         |       |       |       |       |       |       |       |       |   225 ||   225
  Throw: Throwing net      |     1 |     3 |       |       |       |     2 |       |       |       ||     6
         Javelin           |     1 |       |     1 |     2 |     9 |    17 |     8 |    20 |     3 ||    61
         Dart              |       |       |     3 |    20 |     4 |     2 |     6 |     3 |     1 ||    39
   Cast: Blink             |       |       |       |       |     3 |     4 |     5 |     6 |     9 ||    27
         Volatile Blastmot |       |       |       |       |     2 |       |       |       |       ||     2
         Summon Lightning  |       |       |       |       |     7 |    20 |     5 |     1 |     2 ||    35
         Airstrike         |       |       |       |       |     5 |    46 |   120 |    18 |     1 ||   190
         Static Discharge  |       |       |       |       |     4 |     3 |       |       |       ||     7
         Iskenderun's Myst |       |       |       |       |     3 |     8 |    10 |    10 |     5 ||    36
         Lesser Beckoning  |       |       |       |       |     1 |     5 |       |       |     2 ||     8
         Swiftness         |       |       |       |       |     1 |     1 |     1 |     2 |     1 ||     6
         Shock             |       |       |       |       |     1 |     1 |       |       |       ||     2
         Ozocubu's Armour  |       |       |       |       |       |     6 |     2 |     8 |     1 ||    17
         Frozen Ramparts   |       |       |       |       |       |     5 |     1 |    19 |       ||    25
         Summon Forest     |       |       |       |       |       |       |     3 |     3 |     5 ||    11
         Lee's Rapid Decon |       |       |       |       |       |       |    34 |    32 |    30 ||    96
         Arcjolt           |       |       |       |       |       |       |     7 |    52 |    26 ||    85
         Bombard           |       |       |       |       |       |       |       |     2 |     9 ||    11
         Dispersal         |       |       |       |       |       |       |       |       |     8 ||     8
 Invoke: Heal Other        |       |       |     1 |     1 |       |     1 |     1 |     2 |     2 ||     8
         Heal Self         |       |       |       |     3 |     3 |     4 |    11 |    19 |     7 ||    47
         Purification      |       |       |       |     1 |       |     8 |    13 |    13 |     5 ||    40
         Divine Vigour     |       |       |       |       |       |     1 |     2 |     1 |       ||     4
         Divine Shield     |       |       |       |       |       |       |       |       |     3 ||     3
         Cleansing Flame   |       |       |       |       |       |       |       |       |     1 ||     1
Ability: Begin Untransform |       |       |       |       |       |     1 |       |       |       ||     1
  Evoke: Wand              |       |       |    14 |    18 |    10 |    21 |    16 |     5 |       ||    84
         Box of beasts     |       |       |       |       |     1 |     1 |     2 |     1 |       ||     5
         Condenser vane    |       |       |       |       |       |       |     3 |     2 |     1 ||     6
         Lightning rod     |       |       |       |       |       |       |       |     1 |     2 ||     3
         Phial of floods   |       |       |       |       |       |       |       |       |     1 ||     1
    Use: Scroll            |       |     1 |    13 |    17 |    10 |    14 |    10 |    13 |    14 ||    92
         Potion            |       |       |     2 |     4 |       |     8 |     4 |     9 |     8 ||    35
   Stab: Sleeping          |     2 |     3 |    13 |    10 |    18 |    27 |    52 |    23 |    13 ||   161
         Held in net/web   |     1 |     1 |       |       |       |     2 |       |       |       ||     4
         Distracted        |       |       |       |     7 |    65 |    46 |    72 |   102 |    16 ||   308
         Invisible         |       |       |       |       |       |     3 |       |       |       ||     3
         Confused          |       |       |       |       |       |       |       |     1 |       ||     1
 Armour: Leather armour    |    48 |    83 |   119 |       |       |       |       |       |       ||   250
         Ring mail         |       |       |    83 |       |       |       |       |       |       ||    83
         Steam dragon scal |       |       |     5 |   132 |       |       |       |       |       ||   137
         Troll leather arm |       |       |       |   105 |    96 |       |       |       |       ||   201
         Skin              |       |       |       |     3 |       |       |       |       |       ||     3
         Robe              |       |       |       |       |   537 |   592 |   764 |   898 |   894 ||  3685
  Dodge: Dodged            |    90 |   121 |   336 |   551 |  1368 |  1246 |   998 |  1045 |  1107 ||  6862
         Repelled          |       |       |       |       |       |     4 |   124 |    87 |    54 ||   269
  Block: Buckler           |       |       |       |    26 |   553 |   703 |  1038 |  1265 |   693 ||  4278
         Reflection        |       |       |       |       |       |       |    46 |    37 |    16 ||    99
         Kite shield       |       |       |       |       |       |       |       |       |   709 ||   709
   Form: Maw               |       |       |       |       |       |     1 |       |       |       ||     1

Illustrated notes

Table legend:
 A = Kills in this place as a percentage of kills in the entire game.
 B = Kills by you in this place as a percentage of kills by you in the entire game.
 C = Kills by friends in this place as a percentage of kills by friends in the entire game.
 D = Other kills in this place as a percentage of other kills in the entire game.
 E = Experience gained in this place as a percentage of experience gained in the entire game.
 F = Experience gained in this place divided by the number of levels of this place that you have seen.
                   A       B       C       D       E      F
               +-------+-------+-------+-------+-------+----------------------
         Total | 100.0 | 100.0 | 100.0 | 100.0 | 100.0 | 21408.6
       Dungeon |  18.7 |  19.1 |   2.9 |   0.0 |   6.5 | 5222.2
          Lair |   8.9 |   8.9 |  11.8 |   0.0 |   5.4 | 13036.8
         Swamp |   5.4 |   5.4 |   0.0 |  16.7 |   6.4 | 19098.0
   Spider Nest |   8.7 |   8.6 |  11.8 |  16.7 |   6.6 | 19666.2
    Slime Pits |   0.2 |   0.2 |   0.0 |   0.0 |   0.3 | 4076.0
  Orcish Mines |   4.2 |   4.2 |   8.8 |   0.0 |   2.4 | 14586.0
   Elven Halls |   7.2 |   6.8 |  23.5 |  41.7 |   9.6 | 38368.7
        Vaults |  18.1 |  18.1 |  20.6 |   8.3 |  26.4 | 63298.8
         Crypt |   8.8 |   8.8 |  14.7 |   0.0 |  12.7 | 50640.3
        Depths |   8.3 |   8.5 |   0.0 |   0.0 |  13.6 | 40667.5
         Abyss |   9.6 |   9.7 |   5.9 |  16.7 |   9.6 | 23055.0
         Sewer |   1.1 |   1.1 |   0.0 |   0.0 |   0.0 | 329.0
        Bailey |   0.5 |   0.5 |   0.0 |   0.0 |   0.2 | 2469.0
        Wizlab |   0.2 |   0.2 |   0.0 |   0.0 |   0.2 | 2797.0
               +-------+-------+-------+-------+-------+----------------------

Table legend: (Time is in decaauts)
 A = Elapsed time spent in this place.
 B = Non-inter-level travel time spent in this place.
 C = Inter-level travel time spent in this place.
 D = Time resting spent in this place.
 E = Time spent auto-exploring this place.
 F = Levels seen in this place.
 G = Mean time per level.
                   A        B        C        D        E       F      G
               +--------+--------+--------+--------+--------+-----+--------+
         Total |  86856 |  80334 |   6522 |  29636 |  22417 |  56 | 1551.0 |
       Dungeon |  21067 |  18987 |   2080 |   6077 |   7205 |  15 | 1404.5 |
        Temple |     52 |     28 |     24 |      0 |      0 |   1 |   52.0 |
          Lair |  10727 |   9664 |   1063 |   4032 |   1951 |   5 | 2145.4 |
         Swamp |   7445 |   7248 |    197 |   3478 |   2193 |   4 | 1861.2 |
   Spider Nest |   8701 |   8292 |    409 |   4303 |   1411 |   4 | 2175.2 |
    Slime Pits |     22 |     22 |      0 |      0 |      0 |   1 |   22.0 |
  Orcish Mines |   2607 |   2378 |    229 |    823 |    874 |   2 | 1303.5 |
   Elven Halls |   6697 |   6499 |    198 |   3165 |   1270 |   3 | 2232.3 |
        Vaults |  13054 |  11339 |   1715 |   3769 |   3463 |   5 | 2610.8 |
         Crypt |   5558 |   5249 |    309 |   1390 |   1636 |   3 | 1852.7 |
        Depths |   6555 |   6262 |    293 |   1261 |   2066 |   4 | 1638.8 |
         Abyss |   2740 |   2740 |      0 |    668 |    177 |   5 |  548.0 |
        Bazaar |    257 |    257 |      0 |      0 |      0 |   1 |  257.0 |
         Sewer |    552 |    552 |      0 |    197 |    137 |   1 |  552.0 |
        Bailey |    601 |    601 |      0 |    388 |     30 |   1 |  601.0 |
        Wizlab |    215 |    215 |      0 |     81 |      0 |   1 |  215.0 |
               +--------+--------+--------+--------+--------+-----+--------+

Top non-repeatable levels by time:
   Elf:3: 3748 daAuts
Spider:4: 3624 daAuts
Vaults:2: 2958 daAuts
Vaults:5: 2686 daAuts
Vaults:3: 2684 daAuts
  Lair:5: 2670 daAuts
  Lair:3: 2634 daAuts
    D:15: 2519 daAuts
Vaults:1: 2438 daAuts
 Crypt:3: 2295 daAuts
Vaults:4: 2286 daAuts
 Swamp:3: 2268 daAuts
 Swamp:4: 2255 daAuts
Depths:2: 2183 daAuts
     D:9: 2131 daAuts
